Cogmind - Beta 12 X1 @@@ ROGUE MODE // 2022.08.04 @ 16:20:31 Player: Boris Result: Destroyed by H-88 Terminator with KE Penetrator Performance ------------- Evolutions (8) 4000 Regions Visited (46) 9200 Robots Destroyed (846) 4230 Value Destroyed (42347) 42347 Prototype IDs (66) 1320 Alien Tech Used (4) 800 Bonus (25289) 25289 TOTAL SCORE: 87186 Bonus ------- High Alert Combat Kills 12714 Follower Combat Kills 4440 Entered Garrisons 1600 Used RIF Installer 500 Network Hubs Disabled 800 Met Data Miner 300 Met Imprinter 300 Met Warlord at Base 500 MAIN.C Attacked Warlord 500 Warlord Defense Kills 3460 Used Core Reset Matrix 3000 Scanned by Researcher 500 Friendly Fire -3325 Cogmind --------- Core Integrity 0/1450 Matter 196/300 Energy 86/100 System Corruption 9% Temperature Cool (0) Movement Core (50) Location -2/Testing Parts ------- > --- POWER (2) -------- (None) > --- PROPULSION (7) --- (None) > --- UTILITY (10) ----- Experimental Targeting Computer Experimental Targeting Computer Experimental Melee Analysis Suite System Mapper > --- WEAPON (5) ------- (None) > --- INVENTORY (5) ---- Micro Antimatter Reactor Hypercooled Linear Accelerator Peak State ------------ > --- POWER ------------ Improved Quantum Reactor Improved Quantum Reactor > --- PROPULSION ------- Biometal Leg Biometal Leg Enhanced Biometal Leg Enhanced Biometal Leg Enhanced Biometal Leg Enhanced Biometal Leg Enhanced Biometal Leg > --- UTILITY ---------- Huge Storage Unit Experimental Optical Array Advanced Sensor Array Advanced Signal Interpreter Experimental Targeting Computer Experimental Targeting Computer Improved Armor Integrity Analyzer Advanced Weapon Cycler Improved Hacking Suite System Mapper > --- WEAPON ----------- Sigix Sheargun Sigix Sheargun Sigix Sheargun Helical Railgun Helical Railgun > --- INVENTORY -------- Experimental Coolant Injector Advanced Gravity Neutralizer Experimental Core Analyzer Advanced Kinecellerator Advanced Transmission Jammer Centrium Medium Armor Plating Experimental Focal Shield Experimental EM Disruption Field Subatomic Replicator Heavy Quantum Rifle BFG-9k Vortex Edition Helical Railgun Hypercooled Linear Accelerator Hypercooled Linear Accelerator Hypercooled Linear Accelerator Hypercooled Linear Accelerator Hypercooled Linear Accelerator Hypercooled Linear Accelerator Mini Smartbomb Launcher [Rating: 217] Favorites ----------- Power Quantum Reactor Engine Cooled Ion Engine Power Core Neutrino Core Reactor Quantum Reactor Propulsion Myomer Leg Treads Light Treads Leg Myomer Leg Wheel Wheel Hover Unit Airjet Flight Unit Cooled VTOL Module Utility Experimental Targeting Computer Device Advanced Sensor Array Storage Large Storage Unit Processor Experimental Targeting Computer Hackware Improved Hacking Suite Protection Centrium Medium Armor Plating Weapon Enhanced Autogun Energy Gun Sigix Sheargun Energy Cannon Neutron Cannon Ballistic Gun Enhanced Autogun Ballistic Cannon Heavy Linear Accelerator Launcher Mini Smartbomb Launcher Special Weapon Plasma Cutter Impact Weapon Hammer Slashing Weapon Segregator Build | -11 -10 -10 -10 -9 -8 -8 -8 -8 -8 -8 -8 -8 -7 -7 -7 -7 -7 -7 -6 -6 -6 -6 -6 -6 -6 -5 -5 -5 -5 -5 -4 -4 -4 -4 -4 -4 -4 -4 -4 -4 -4 -3 -3 -3 -2 -2 ------- Run | Scr Mat Min Exi Min Mat Gar Mat Gar Mat Gar Mat Gar Fac Was Fac Low Low Zio Pro Fac Gar Fac Low Low Dat Pro Fac Upp Upp War Pro Fac Gar Fac Gar Fac Ext Cet Arc Hub Gar Res Qua Sec Res Tes Slots Evolved 16 | . . . . . 4 . . . . . . . 2 . . . . . . 2 . . . . . . 2 . . . . 2 . . . . . . . . . 2 . . 2 . Power 1 | . . . . . . . . . . . . . . . . . . . . . . . . . . . . . . . . 1 . . . . . . . . . . . . . . Propulsion 5 | . . . . . 1 . . . . . . . 1 . . . . . . 1 . . . . . . . . . . . 1 . . . . . . . . . . . . 1 . Utility 7 | . . . . . 1 . . . . . . . 1 . . . . . . 1 . . . . . . 2 . . . . . . . . . . . . . . 2 . . . . Weapon 3 | . . . . . 2 . . . . . . . . . . . . . . . . . . . . . . . . . . . . . . . . . . . . . . . 1 . Parts Attached 801 | 7 7 3 . 9 30 8 12 11 23 6 3 10 4 5 30 3 2 6 29 26 35 37 5 1 2 7 26 4 14 19 7 20 25 14 8 12 5 4 8 75 20 8 61 61 38 51 Power 44 | 1 . 1 . 1 2 . 1 . . . 1 2 1 . 2 . . 1 2 3 3 1 . . . . . . . 1 . 1 . . 2 3 . . . 3 . 1 . 3 3 5 Engine 22 | 1 . 1 . 1 2 . 1 . . . 1 2 1 . 2 . . 1 2 3 3 1 . . . . . . . . . . . . . . . . . . . . . . . . Core 4 | . . . . . . . . . . . . . . . . . . . . . . . . . . . . . . 1 . . . . 1 . . . . . . . . . 1 1 Reactor 18 | . . . . . . . . . . . . . . . . . . . . . . . . . . . . . . . . 1 . . 1 3 . . . 3 . 1 . 3 2 4 Propulsion 158 | 2 2 1 . . 8 2 3 1 6 1 . 2 1 . 10 2 . . 7 6 9 4 1 . . 2 2 . . 5 3 5 7 2 2 1 1 . 2 9 4 . 8 15 17 5 Treads 43 | 2 . . . . 7 2 3 1 6 1 . 2 1 . 1 . . . 1 1 5 2 . . . 1 2 . . 2 3 . . . . . . . . . . . . . . . Leg 93 | . 2 . . . . . . . . . . . . . 9 2 . . . 1 1 2 1 . . 1 . . . 1 . 4 7 2 2 1 1 . 2 9 4 . 8 13 17 3 Wheel 3 | . . 1 . . 1 . . . . . . . . . . . . . 1 . . . . . . . . . . . . . . . . . . . . . . . . . . . Hover 16 | . . . . . . . . . . . . . . . . . . . 5 3 2 . . . . . . . . 1 . 1 . . . . . . . . . . . 2 . 2 Flight 3 | . . . . . . . . . . . . . . . . . . . . 1 1 . . . . . . . . 1 . . . . . . . . . . . . . . . . Utility 331 | 2 2 . . 6 6 4 5 . 5 1 1 4 2 2 8 1 2 2 10 7 8 23 3 1 . 1 17 4 10 9 4 9 7 6 4 7 4 2 4 51 8 5 26 19 13 16 Device 226 | 1 1 . . 3 2 4 1 . 3 1 . 2 2 1 3 1 1 1 3 4 7 17 3 1 . . 13 3 7 8 3 8 2 4 4 6 3 . 3 34 6 3 22 14 9 12 Storage 14 | 1 1 . . 3 . . 1 . . . . . . . . . . . 4 . . . . . . . 1 . . . . . 1 1 . . . . . . . . 1 . . . Processor 33 | . . . . . . . 2 . 1 . . 1 . 1 2 . . . . 1 . 6 . . . 1 3 . . 1 1 . . 1 . . . . . 4 . . 1 2 3 2 Hackware 12 | . . . . . 1 . . . . . . . . . 1 . . . . . . . . . . . . . . . . . . . . . . . . 3 1 2 . 1 1 2 Protection 46 | . . . . . 3 . 1 . 1 . 1 1 . . 2 . 1 1 3 2 1 . . . . . . 1 3 . . 1 4 . . 1 1 2 1 10 1 . 2 2 . . Artifact . | . . . . . . . . . . . . . . . . . . . . . . . . . . . . . . . . . . . . . . . . . . . . . . . Weapon 268 | 2 3 1 . 2 14 2 3 10 12 4 1 2 . 3 10 . . 3 10 10 15 9 1 . 2 4 7 . 4 4 . 5 11 6 . 1 . 2 2 12 8 2 27 24 5 25 Energy Gun 56 | 1 1 1 . . 3 . . . . . . . . . 4 . . 2 3 3 8 4 . . 1 . . . . . . . 3 . . . . . . . 1 1 6 6 1 7 Energy Cannon 37 | . 2 . . 1 . 1 . 5 . . . . . 1 . . . . . . . . . . . 2 4 . 2 2 . 2 . . . . . . . 2 . . 10 3 . . Ballistic Gun 94 | 1 . . . . 10 1 3 5 7 3 1 1 . 2 2 . . . . 1 4 2 . . . . . . 1 . . 3 6 6 . 1 . 2 1 10 4 . 8 3 3 3 Ballistic Cannon 34 | . . . . . . . . . . . . . . . 2 . . . . 1 1 1 . . 1 2 1 . . 1 . . . . . . . . . . . . . 11 . 13 Launcher 35 | . . . . 1 1 . . . 3 . . 1 . . . . . 1 7 5 1 2 1 . . . 2 . 1 1 . . 2 . . . . . . . 1 . 1 1 1 2 Special Weapon 9 | . . . . . . . . . 2 1 . . . . . . . . . . . . . . . . . . . . . . . . . . . . 1 . 2 1 2 . . . Impact Weapon 2 | . . . . . . . . . . . . . . . 2 . . . . . . . . . . . . . . . . . . . . . . . . . . . . . . . Slashing Weapon 1 | . . . . . . . . . . . . . . . . . . . . . 1 . . . . . . . . . . . . . . . . . . . . . . . . . Piercing Weapon . | . . . . . . . . . . . . . . . . . . . . . . . . . . . . . . . . . . . . . . . . . . . . . . . Special Melee Weapon . | . . . . . . . . . . . . . . . . . . . . . . . . . . . . . . . . . . . . . . . . . . . . . . . Unidentified Prototypes 55 | . . . . 1 5 . . . . . . . . . . . . 3 3 3 . 2 . . . . 2 1 1 8 . 1 . 3 . 2 . 1 1 5 . . 2 5 2 4 Corrupted Parts 12 | . . . . . . . . . . . . . . . . . . . . . . 1 . . . . . . . . . . . . . . . . . . . . . 11 . . System Corruption 79 | . . . . . . . . . . . . . . . . . . . . . . 3 . . . . . . . . . . . . . . . . . . . . . 76 . . Parts Lost 115 | . 1 . . . . 1 1 . . 1 . 3 2 8 4 . . . 8 7 3 2 . 1 . . . . . . 2 5 1 . 1 . . . . 6 4 . 6 11 2 35 Power 11 | . . . . . . . . . . . . 1 1 1 . . . . 1 1 . . . . . . . . . . 1 . . . . . . . . . . . 1 1 1 2 Propulsion 39 | . 1 . . . . . . . . . . 2 . 1 1 . . . 4 5 1 1 . 1 . . . . . . . 2 1 . . . . . . 1 1 . 1 5 . 11 Utility 28 | . . . . . . 1 1 . . . . . 1 1 1 . . . 2 1 1 . . . . . . . . . 1 2 . . 1 . . . . 1 1 . 2 2 1 8 Weapon 37 | . . . . . . . . . . 1 . . . 5 2 . . . 1 . 1 1 . . . . . . . . . 1 . . . . . . . 4 2 . 2 3 . 14 Highest Loss Streak 20 | . 1 . . . . 1 1 . . 1 . 1 2 8 1 . . . 4 6 2 1 . 1 . . . . . . 2 4 1 . 1 . . . . 3 1 . 3 2 2 20 To Critical Strikes 4 | . . . . . . . . . . . . . . . . . . . . . . . . . . . . . . . . . . . . . . . . 1 2 . . . . 1 Average Slot Usage (%) 90 | . 99 100 100 99 98 100 97 100 99 99 100 91 87 66 82 100 100 76 60 67 85 79 86 85 66 82 87 86 87 87 79 80 90 94 95 100 100 100 99 99 97 98 95 90 98 88 Engine 5 | . 14 14 14 14 9 9 8 9 9 9 9 8 7 4 5 7 7 7 5 3 5 5 6 6 6 6 5 5 5 4 . . . . . . . . . . . . . . . . Reactor 2 | . . . . . . . . . . . . . . . . . . . . . . . . . . . . . . . . 5 5 5 5 9 10 10 10 10 10 8 8 8 7 6 Treads 10 | . 15 . . . 23 27 27 27 26 26 27 19 21 15 . . . . 4 3 14 11 6 6 6 9 20 22 22 21 18 11 1 . . . . . . . . . . . . . Leg 13 | . 12 23 14 14 2 . . . . . . . . . 25 30 30 30 10 3 2 8 20 19 13 16 2 . . . . 6 25 30 30 30 30 30 29 29 29 27 26 24 28 24 Device 10 | . 14 14 14 14 9 17 13 9 7 17 9 9 12 10 10 15 15 15 8 8 19 12 6 6 6 . 6 5 10 10 6 7 1 5 9 9 9 6 5 5 3 4 11 9 9 6 Storage 6 | . 14 14 14 13 9 9 9 9 9 9 9 9 7 5 . . . . 5 6 6 6 6 6 6 6 5 5 5 5 5 5 5 5 5 5 5 5 5 5 5 4 4 4 4 3 Processor 13 | . . . . . . . 3 9 10 . . . . 1 11 7 7 7 7 6 2 13 20 20 20 25 26 28 27 27 30 25 25 25 25 25 25 25 25 24 25 22 18 18 18 18 Hackware 1 | . . . . . . . . . . . . . . . 2 . . . . . . . . . . . . . . . . . . . . . . . . 1 . 8 9 9 8 7 Protection 2 | . . . . . 8 . . . . . 9 9 7 4 1 7 6 6 4 3 2 . . . . . . . . . . 1 8 4 . . . 3 4 3 4 4 . 1 . . Energy Gun 4 | . 15 14 14 14 4 . . . . . . . . . 10 15 15 6 5 5 18 8 6 6 . . . . . . . . 1 4 . . . . . . 1 4 1 5 12 8 Energy Cannon 1 | . 5 14 14 12 . . . 3 . . . . . . . . . . . . . . . . . 3 7 11 10 9 5 4 2 . . . . . . . . . 2 1 . . Ballistic Gun 13 | . 6 . . . 30 35 35 32 34 35 36 35 30 21 2 7 7 . . 3 4 2 1 . . . . . . . . 2 15 15 20 20 20 20 20 19 17 11 7 1 7 7 Ballistic Cannon 1 | . . . . . . . . . . . . . . . 6 7 7 . . . . 5 6 6 . 4 5 5 5 5 5 3 . . . . . . . . . . . 2 . 1 Naked Turns 1 | . . . . . . . . . . . . . . 1 . . . . . . . . . . . . . . . . . . . . . . . . . . . . . . . . Heaviest Build 165 | 15 31 31 29 31 50 47 47 47 50 50 50 51 52 52 40 41 41 41 62 45 74 75 74 70 70 74 82 89 99 100 91 107 99 149 146 165 165 164 164 164 156 150 162 163 152 149 Greatest Support 206 | 40 40 20 10 10 60 70 70 70 70 70 70 95 115 115 72 79 69 69 69 40 180 150 75 75 75 103 154 154 154 158 177 177 170 170 170 170 165 165 165 175 170 150 166 166 206 206 Greatest Overweight (x) 4 | . 1 2 2 3 3 . . . 1 . . 1 . . . . . . 4 3 4 . . . . . . . . 1 . 1 1 . . 1 1 . 1 1 1 . 1 1 1 4 Average Overweight (x) . | . . 1 2 2 . . . . . . . . . . . . . . 1 . . . . . . . . . . . . . . . . . . . . . . . . . . . Largest Inventory Capacity 25 | 8 15 15 15 15 15 15 15 15 15 15 15 15 15 15 5 5 5 5 15 15 15 15 15 15 15 15 15 15 15 15 15 15 15 25 25 25 25 25 25 25 25 25 25 25 25 25 Average Capacity 16 | 7 12 15 15 14 15 15 15 15 15 15 15 15 15 13 5 5 5 5 8 15 15 15 15 15 15 15 15 15 15 15 15 15 15 19 25 25 25 25 25 25 25 25 25 25 25 23 Most Carried 25 | 2 13 15 15 15 15 15 15 15 15 15 15 15 15 15 5 5 5 5 15 15 15 15 15 15 15 15 15 15 15 15 15 15 15 25 25 25 25 25 25 25 25 25 25 25 25 25 Average Carried 16 | 1 7 14 15 14 14 14 14 14 14 14 15 14 14 12 4 4 4 4 7 13 14 14 14 15 15 14 14 14 14 14 15 14 14 17 24 24 25 25 24 24 24 23 24 24 24 21 Final Capacity 25 | 8 15 15 15 15 15 15 15 15 15 15 15 15 15 5 5 5 5 5 15 15 15 15 15 15 15 15 15 15 15 15 15 15 15 25 25 25 25 25 25 25 25 25 25 25 25 5 Final Carried 25 | 2 13 15 15 15 15 15 14 15 14 15 15 15 15 5 5 5 5 5 15 12 15 15 15 15 15 15 14 14 15 15 15 15 15 25 24 25 25 25 25 25 25 24 25 25 25 2 Class Distribution -------------------- 32% | Scavenger-Gunner 16% | Scavenger-Mutant 14% | Scavenger-Skirmisher 9% | Gunner 9% | Mutant 8% | Scavenger-Tank 3% | Tank 3% | Skirmisher Dominant Class ---------------- Mutant | -10/Materials Mutant | -10/Mines Scavenger-Mutant | -10/Exiles Scavenger-Mutant | -9/Mines Scavenger-Tank | -8/Materials Commander-Tank | -8/Garrison Scavenger-Tank | -8/Materials Scavenger-Skirmisher | -8/Garrison Scavenger-Skirmisher | -8/Materials Scavenger-Gunner | -8/Garrison Scavenger-Tank | -8/Materials Tank | -8/Garrison Scavenger-Tank | -7/Factory Scavenger-Tank | -7/Waste Scavenger-Mutant | -7/Factory Scavenger-Gunner | -7/Lower Caves Scavenger-Gunner | -7/Lower Caves Gunner | -7/Zion Scavenger-Gunner | -6/Proximity Caves Mutant | -6/Factory Scavenger-Gunner | -6/Garrison Scavenger-Gunner | -6/Factory Scavenger-Gunner | -6/Lower Caves Scavenger-Gunner | -6/Lower Caves Mutant | -6/Data Miner Mutant | -5/Proximity Caves Skirmisher | -5/Factory Scavenger-Skirmisher | -5/Upper Caves Scavenger-Gunner | -5/Upper Caves Scavenger-Mutant | -5/Warlord Skirmisher | -4/Proximity Caves Skirmisher | -4/Factory Scavenger-Gunner | -4/Garrison Gunner | -4/Factory Gunner | -4/Garrison Gunner | -4/Factory Commander-Gunner | -4/Extension Commander-Gunner | -4/Cetus Scavenger-Gunner | -4/Archives Scavenger-Gunner | -4/Hub_04(d) Scavenger-Gunner | -4/Garrison Scavenger-Gunner | -3/Research Scavenger-Skirmisher | -3/Quarantine Scavenger-Gunner | -3/Section 7 Scavenger-Gunner | -2/Research Scavenger-Mutant | -2/Testing Resources | -11 -10 -10 -10 -9 -8 -8 -8 -8 -8 -8 -8 -8 -7 -7 -7 -7 -7 -7 -6 -6 -6 -6 -6 -6 -6 -5 -5 -5 -5 -5 -4 -4 -4 -4 -4 -4 -4 -4 -4 -4 -4 -3 -3 -3 -2 -2 ----------- Run | Scr Mat Min Exi Min Mat Gar Mat Gar Mat Gar Mat Gar Fac Was Fac Low Low Zio Pro Fac Gar Fac Low Low Dat Pro Fac Upp Upp War Pro Fac Gar Fac Gar Fac Ext Cet Arc Hub Gar Res Qua Sec Res Tes Matter Collected 29845 | 276 88 36 . 189 967 988 956 786 1650 1023 264 1065 251 224 881 . 253 73 332 538 711 1210 326 116 . 192 1029 86 110 1022 731 755 655 462 584 193 671 136 226 2457 815 168 1881 2217 750 1502 Remotely 1942 | . . . . . 38 201 . . . . . . . . . . . . . . . . . . . . 156 . . 758 106 683 . . . . . . . . . . . . . . Salvage Created 40661 | 93 276 280 . 233 1482 979 1230 925 2418 964 379 966 296 395 658 . 70 . 1352 677 1756 1176 149 86 . 55 648 93 123 658 577 742 658 750 1283 193 1315 184 416 3790 1404 317 3032 3535 1728 2320 Parts 1844 | 4 14 11 . 10 89 61 89 57 130 52 21 56 10 3 37 . 4 . 34 33 60 37 18 5 . 2 22 3 2 17 13 22 32 33 44 16 44 8 19 191 55 18 149 129 83 107 Haulers Intercepted 21 | . . . . . 4 . 3 . 1 . 1 . 1 . 1 . . . . 1 . 3 . . . . 2 . 1 . . . . 1 . . . . . 1 . . . 1 . . Recyclers Shooed 11 | . . 1 . . 3 . . . 2 . . . . . . . . . . 2 . . . . . . 2 . . . . . . . . . . . . . . 1 . . . . Parts Field Recycled . | . . . . . . . . . . . . . . . . . . . . . . . . . . . . . . . . . . . . . . . . . . . . . . . Retrieved Matter . | . . . . . . . . . . . . . . . . . . . . . . . . . . . . . . . . . . . . . . . . . . . . . . . Parts Self-Destructed 75 | . . . . . . . . . . . . . . . . . 2 . 29 . . . 13 5 . 2 . 2 2 . 20 . . . . . . . . . . . . . . . Prevented 1 | . . . . . . . . . . . . . . . . . . . . . . . . . . . . 1 . . . . . . . . . . . . . . . . . . Kills | -11 -10 -10 -10 -9 -8 -8 -8 -8 -8 -8 -8 -8 -7 -7 -7 -7 -7 -7 -6 -6 -6 -6 -6 -6 -6 -5 -5 -5 -5 -5 -4 -4 -4 -4 -4 -4 -4 -4 -4 -4 -4 -3 -3 -3 -2 -2 ------- Run | Scr Mat Min Exi Min Mat Gar Mat Gar Mat Gar Mat Gar Fac Was Fac Low Low Zio Pro Fac Gar Fac Low Low Dat Pro Fac Upp Upp War Pro Fac Gar Fac Gar Fac Ext Cet Arc Hub Gar Res Qua Sec Res Tes Combat Hostiles Destroyed 676 | . 5 3 . 16 21 23 20 24 39 13 6 18 5 2 13 . 1 . 15 15 21 25 12 4 . 1 11 1 5 31 16 17 15 6 22 3 17 3 2 52 18 5 39 55 22 34 Melee 1 | . . . . . . . . . . . . . . . . . . . 1 . . . . . . . . . . . . . . . . . . . . . . . . . . . Guns 412 | . 5 2 . 1 21 23 20 23 31 13 6 15 5 1 10 . 1 . 11 3 20 6 . . . . . . . . . . 9 6 22 3 17 3 2 47 18 5 9 12 19 23 Cannons 98 | . . 1 . 1 . . . 1 . . . . . . 3 . . . . . . 11 2 . . 1 10 1 2 1 10 15 . . . . . . . . . . 5 28 . 6 AOE 127 | . . . . 14 . . . . 8 . . 3 . 1 . . . . 3 12 . 8 10 4 . . 1 . 3 30 6 2 6 . . . . . . 3 . . . 5 3 5 Classes Destroyed 31 | 2 3 1 . 3 3 2 2 . 3 2 . . . 1 . . 1 . 1 . . . . 1 . . . 1 . 3 . . . . . . . . . . . . . . . 2 Worker 30 | . . . . 2 1 . . . 5 . . . . . 2 . . . . 9 . 4 . . . . 1 . . . . . . . . . . . . 2 . . . . 1 3 Builder 27 | . . . . 1 4 . . . 3 . . . . . 1 . . . . 1 . 2 . . . . . . . . . 1 . . . 1 2 . . 1 . 1 1 . . 8 Tunneler 6 | 1 . 2 . 1 . . . . . . . . . . . . . . . . . 1 . . . . . . . . . . . . . . . . . 1 . . . . . . Hauler 21 | . . . . . 4 . 3 . 1 . 1 . 1 . 1 . . . . 1 . 3 . . . . 2 . 1 . . . . 1 . . . . . 1 . . . 1 . . Recycler 21 | 1 . 3 . 1 2 . 1 . 3 . 1 . . . 1 . . . . . . 1 . . . . 2 . . . . 1 . 1 . . . . . 2 . . . . 1 . Minesweeper 1 | . . . . . . . . . . . . . . . . . 1 . . . . . . . . . . . . . . . . . . . . . . . . . . . . . Mechanic 6 | . . . . . . . 1 . 1 . . . . . . . . . . . . . . . . . . . . 1 . . . . . . . . . . . . . 2 . 1 Operator 18 | . 1 . . . 2 . 1 . . . . . . . 1 . . . . . . . . . . . . . . . . . . . . . . . 5 1 . . 2 3 1 1 Watcher 38 | . 1 . . . 5 . 5 . 4 . 1 . . . 1 . . . . 1 . 2 . . . . 1 . . . . 2 . 2 . . . . . 2 . 1 3 2 3 2 Swarmer 122 | . . 3 . 2 7 5 6 10 4 . 2 7 . . 4 . . . 5 5 2 . 11 4 . . . . . . . . 7 . 7 . . . . 12 . 1 . 3 10 5 Cutter 2 | . . . . . . . . . . 2 . . . . . . . . . . . . . . . . . . . . . . . . . . . . . . . . . . . . Saboteur 4 | . . . . . . . . . . . . . . . . . . . . . . . . . . . . . . 3 . . . . . . . . . . . . . . . 1 Grunt 284 | . 5 . . 1 9 8 7 14 23 6 1 6 4 . 2 . 1 . 4 7 13 16 . . . . 6 . 5 17 9 9 5 3 8 . 9 . . 14 7 3 12 24 9 17 Brawler 15 | . . . . . . . 1 . 3 . . . . . . . . . 1 . . . . . . . . . . 1 1 . . . . . . . . . 1 . 3 4 . . Duelist 26 | . . . . . . . . . 4 1 . 1 . . . . . . . . . 5 . . . . 1 . . 1 4 1 . . . . . . . . 1 . 1 4 . 2 Protector 8 | . . . . . . . . . 1 . . . . . . . . . 2 . . 1 . . . . . . . 1 1 . . . . . . . . 1 . . . 1 . . Researcher 4 | . . . . . . . . . . . . . . . . . . . . . . . . . . . . 1 . . . . . . . . . . . . . . . 1 . 2 Sentry 74 | . . . . . 4 5 6 2 3 3 3 3 . . 6 . . . 1 . 1 . . . . 1 . 1 . . 1 . 1 . 5 1 4 . 2 6 6 . 3 5 1 . Demolisher 4 | . . . . . . . . . . . . . . . . . . . 4 . . . . . . . . . . . . . . . . . . . . . . . . . . . Specialist 5 | . . . . . . . . . . 1 . . . . . . . . . . 3 . . . . . . . . 1 . . . . . . . . . . . . . . . . Hunter 30 | . . . . . 1 3 . . . 1 . 1 1 . . . . . . 2 1 . . . . . . . . 2 . 4 2 2 2 . 1 . . . 2 . 2 . . 3 Programmer 53 | . . . . . . 1 . . . . . . . . 1 . . . . 1 . 3 . . . . 4 . . 1 . 3 . 1 . 2 . 1 . 10 1 1 8 11 . 4 Heavy 1 | . . . . . . . . . 1 . . . . . . . . . . . . . . . . . . . . . . . . . . . . . . . . . . . . . Behemoth 5 | . . . . . . 1 . . . . . . . . . . . . . . 1 . 1 . . . . . . . . . . . . . 2 . . . . . . . . . Compactor 2 | . . . . . . . . . . . . . . 2 . . . . . . . . . . . . . . . . . . . . . . . . . . . . . . . . Cetus Guard 2 | . . . . . . . . . . . . . . . . . . . . . . . . . . . . . . . . . . . . . . 2 . . . . . . . . Quarantine Guard 10 | . . . . . . . . . . . . . . . . . . . . . . . . . . . . . . . . . . . . . . . . . . . 10 . . . S7 Guard 1 | . . . . . . . . . . . . . . . . . . . . . . . . . . . . . . . . . . . . . . . . . . . . 1 . . Enhanced Grunt 1 | . . . . . . . . . . . . . . . . . . . . . . . . . . . . . . . . . . . . . . . . 1 . . . . . . Lightning 9 | . . . . . . . . . . . . . . . . . . . . . . . . . . . . . . . . . . . . . . . . 9 . . . . . . Striker 1 | . . . . . . . . . . . . . . . . . . . . . . . . . . . . . . . . . . . . . . . . . . . . . . 1 Executioner 5 | . . . . . . . . . . . . . . . . . . . . . . . . . . . . . . 1 . . . . . . . . . . . . . 2 2 . Alpha 7 1 | . . . . . . . . . . . . . . . . . . . . . . . . . . . . . . . . . . . . . . . . . . . . . . 1 Samaritan 1 | . . . . . . . . . . . . . . . . . . . . . . . . 1 . . . . . . . . . . . . . . . . . . . . . . Assembled 14 | . . . . 14 . . . . . . . . . . . . . . . . . . . . . . . . . . . . . . . . . . . . . . . . . . Thug 4 | . . . . . . . . . 1 . . . . . . . . . . . . . . . . . . . . 2 . . . . . . . . . . 1 . . . . . Savage 1 | . . . . . . . . . . . . . . . . . . . . . . . . . . . . . . . . . . . . . . . 1 . . . . . . . Butcher 1 | . . . . . . . . . . . . . . . . . . . . . 1 . . . . . . . . . . . . . . . . . . . . . . . . . Guerrilla 2 | . . . . . . . . . . . . . . . . . . . . . . . . . . . . . . . . . . . . . 1 . . 1 . . . . . . Mutant 1 | . . . . . . . . . . . . . . . . . . . . . . . . . . . . . . 1 . . . . . . . . . . . . . . . . Best Kill Streak 25 | 2 3 3 . 16 4 3 4 8 7 3 3 4 5 1 5 . 1 . 3 12 4 12 4 4 . 1 3 1 5 14 6 7 4 4 10 2 4 2 4 7 6 3 7 10 9 25 Combat Bots Only 17 | . 3 3 . 14 4 3 2 8 5 3 2 4 5 1 4 . 1 . 3 5 4 8 4 4 . 1 3 1 5 13 6 6 4 3 10 2 4 2 2 6 6 3 7 8 7 17 Max Kills in Single Turn 5 | 1 1 1 . 4 2 2 1 2 4 2 2 3 1 1 1 . 1 . 2 3 2 4 4 4 . 1 1 1 2 2 2 1 3 1 2 1 2 1 2 4 2 2 2 4 4 5 Gunslinging 1 | . . . . . . 1 . 1 1 . . . . . . . . . . . 1 . . . . . . . . . . . 1 . 1 . 1 . . 1 1 . 1 . 1 1 Exploded 4 | . . . . 4 . . . . 2 . . 3 . 1 . . . . 2 3 . 2 4 4 . . 1 . 2 2 1 1 2 . . . . . . 3 . . . 3 3 4 Melee 1 | . . . . . . . . . . . . . . . . . . . 1 . . . . . . . . . . . . . . . . . . . . . . . . . . . Uniques/NPCs Destroyed 1 | . . . . . . . . . . . . . . . . . . . . . . . . . . . . . . . . . . . . . 1 . . . . . . . . . A7 (-4/Extension) Combat | -11 -10 -10 -10 -9 -8 -8 -8 -8 -8 -8 -8 -8 -7 -7 -7 -7 -7 -7 -6 -6 -6 -6 -6 -6 -6 -5 -5 -5 -5 -5 -4 -4 -4 -4 -4 -4 -4 -4 -4 -4 -4 -3 -3 -3 -2 -2 -------- Run | Scr Mat Min Exi Min Mat Gar Mat Gar Mat Gar Mat Gar Fac Was Fac Low Low Zio Pro Fac Gar Fac Low Low Dat Pro Fac Upp Upp War Pro Fac Gar Fac Gar Fac Ext Cet Arc Hub Gar Res Qua Sec Res Tes Damage Taken 33998 | . 409 145 . 67 770 365 280 272 885 593 75 433 235 664 1429 . . . 1527 1120 1707 965 575 174 . 57 295 127 99 122 957 1400 363 293 745 46 309 81 52 2814 1364 93 1493 3137 981 6480 Core 4528 | . 38 22 . 26 60 65 59 39 52 116 6 37 13 52 300 . . . 185 343 129 17 88 15 . . 6 . 22 38 123 124 74 20 13 . 30 21 . 312 75 5 154 381 158 1310 Absorbed by Shields 2006 | . . . . . . 120 48 . . . . . . . . . . . . . . 163 177 . . . . . . 38 71 . 47 . . 50 322 85 55 830 . . . . . . Reduced by Siege Mode 89 | . . . . . . . . . . . . . . . . . . . . . 61 . . . . . . . . . . 28 . . . . . . . . . . . . . . Redirected to Shielding 130 | . . . . . . . . . . . . . . . . . . . . 80 . . . . . . . . . . . . . . . . . . . 50 . . . . . . Regen/Repaired (Parts) 2356 | . . . . . 114 . 277 . 136 . . . . . . . . . . . . 480 . . . . 473 . . 184 . . . . . . . . . . . 99 475 118 . . Core Remaining (%) 52 | 100 . . . 65 . . . . . . . 21 . . . . . . 21 . . . . . . 30 . . . . 81 . . . . . . . . . 41 . . 58 . . Volleys Fired 1857 | 2 28 18 . 14 73 71 51 60 103 75 14 56 18 29 78 . 3 1 43 34 67 61 18 2 . 8 33 14 6 42 46 56 24 20 36 6 35 6 9 112 51 11 125 173 37 88 Largest 5 | 2 2 2 . 2 4 4 4 4 4 4 4 4 4 4 4 . 4 1 1 4 4 3 2 2 . 2 3 3 2 1 2 2 4 4 4 4 4 4 4 4 4 4 4 4 5 5 Hottest 376 | 70 110 110 . 110 135 100 100 160 108 100 100 100 100 110 249 . 249 250 250 263 332 245 148 148 . 173 263 263 173 90 133 133 228 140 140 140 138 138 138 138 175 215 220 338 376 376 Shots Fired 4940 | 4 56 36 . 19 283 239 200 182 371 251 56 217 72 103 140 . 13 1 43 55 225 121 26 4 . 11 39 20 8 42 48 57 76 80 123 24 139 24 33 405 123 31 180 249 180 331 Gun 4145 | 4 54 18 . 5 283 225 200 161 360 231 56 215 72 102 97 . 10 1 40 39 224 66 9 1 . . . . . . . . 70 80 123 24 139 24 32 402 114 31 78 104 179 272 Cannon 642 | . 2 18 . 5 . 14 . 21 . . . . . 1 43 . 3 . . . . 48 13 2 . 8 36 20 6 16 34 54 . . . . . . . 3 . . 99 141 . 55 Launcher 118 | . . . . 9 . . . . 6 . . 2 . . . . . . 3 16 1 7 4 1 . 3 3 . 2 26 14 3 6 . . . . . . . 2 . 1 4 1 4 Special 35 | . . . . . . . . . 5 20 . . . . . . . . . . . . . . . . . . . . . . . . . . . . 1 . 7 . 2 . . . Kinetic 3657 | 2 12 . . . 235 225 200 161 360 231 56 215 72 102 57 . 6 . . 18 48 57 19 2 . 5 30 3 4 4 32 40 67 80 123 24 139 24 32 402 112 22 54 116 71 195 Thermal 675 | 2 44 36 . 10 18 14 . 21 5 20 . . . 1 83 . 7 1 40 21 176 57 3 1 . 3 6 17 2 12 . . 3 . . . . . . . 2 8 16 . . 46 Explosive 112 | . . . . 9 . . . . 6 . . 2 . . . . . . 2 12 . 7 4 1 . 3 3 . 2 26 14 3 6 . . . . . . . 2 . 1 4 1 4 Electromagnetic 221 | . . . . . 30 . . . . . . . . . . . . . 1 4 1 . . . . . . . . . . . . . . . . . . 3 . 1 107 55 . 19 Slashing 249 | . . . . . . . . . . . . . . . . . . . . . . . . . . . . . . . . . . . . . . . . . . . . 74 108 67 Entropic 16 | . . . . . . . . . . . . . . . . . . . . . . . . . . . . . . . 2 14 . . . . . . . . . . . . . . Robot Hit Streak 40 | 3 5 5 . 5 15 25 10 14 13 35 11 15 9 23 21 . 4 . 25 17 40 35 29 3 . 8 23 29 8 2 20 31 21 20 28 10 22 10 17 23 20 17 22 17 39 17 Robot Miss Streak 12 | . 2 3 . 1 10 4 6 4 8 2 12 4 4 2 6 . 3 . 11 2 6 7 2 . . 1 2 . 1 1 1 2 2 2 2 1 2 3 2 4 3 1 3 4 4 4 Penetration Max 2 | . . . . . . . . . . . . . . . . . . . . . 1 1 . . . . . . . . . . 1 1 1 . 1 . 1 1 1 1 1 2 1 2 Secondary Targets 93 | . 2 . . . 7 9 2 8 6 . 1 3 . . . . . . . . 6 1 . . . . . . . . . . 2 2 4 . 4 1 1 14 5 1 2 . 5 7 Max Gunslinging Chain 2 | . 1 . . . 1 2 1 1 1 . 1 1 . . . . . . . . 2 1 . . . . . . . . . . 2 1 1 . 1 1 1 1 2 1 1 . 1 1 Shots Hit Robots 2927 | 3 36 18 . 7 165 112 109 74 197 109 24 93 41 87 93 . 8 . 42 32 130 79 19 2 . 7 28 6 7 2 28 48 50 59 88 12 111 17 21 255 83 26 109 160 111 219 Core Hits 1709 | 3 14 9 . 35 71 48 49 36 108 41 14 44 13 12 54 . 8 . 98 48 64 67 12 5 . 1 14 3 29 92 33 27 34 19 34 8 46 7 13 119 46 11 46 104 58 112 Critical Kills 95 | . . . . . . . . 1 1 1 1 . . . 3 . 1 . . . 1 . . . . . . . . . . . 2 6 13 . 9 1 3 34 9 1 4 . 2 2 Critical Parts Destroyed 134 | . . . . . . . 1 1 . . . 1 1 1 7 . . . . 1 . . . . . . . . . . . . 1 13 14 1 15 6 4 41 13 2 8 2 . 1 Critical Strikes 362 | . 1 . . 1 3 . 1 2 1 2 1 1 1 3 13 . 1 . . 4 16 6 2 . . 1 1 . 1 . 5 12 3 19 28 1 27 7 8 77 23 5 35 35 8 7 Burn 31 | . 1 . . 1 3 . . . . . . . . . 2 . . . . 3 15 2 . . . . . . . . . . . . . . . . . . . 1 3 . . . Destroy 240 | . . . . . . . 1 2 1 1 1 1 1 3 10 . 1 . . 1 1 . 1 . . . . . . . . . 3 19 28 1 27 7 8 77 23 3 12 2 2 3 Blast 36 | . . . . . . . . . . . . . . . . . . . . . . 4 1 . . 1 1 . 1 . 4 6 . . . . . . . . . . . 14 . 4 Corrupt 32 | . . . . . . . . . . . . . . . . . . . . . . . . . . . . . . . . . . . . . . . . . . 1 20 11 . . Smash 1 | . . . . . . . . . . . . . . . 1 . . . . . . . . . . . . . . . . . . . . . . . . . . . . . . . Sever 15 | . . . . . . . . . . 1 . . . . . . . . . . . . . . . . . . . . . . . . . . . . . . . . . 8 6 . Sunder 7 | . . . . . . . . . . . . . . . . . . . . . . . . . . . . . . . 1 6 . . . . . . . . . . . . . . Melee Attacks 8 | . . . . . . . . . . . . . . . 8 . . . . . . . . . . . . . . . . . . . . . . . . . . . . . . . Impact 8 | . . . . . . . . . . . . . . . 8 . . . . . . . . . . . . . . . . . . . . . . . . . . . . . . . Slashing . | . . . . . . . . . . . . . . . . . . . . . . . . . . . . . . . . . . . . . . . . . . . . . . . Piercing . | . . . . . . . . . . . . . . . . . . . . . . . . . . . . . . . . . . . . . . . . . . . . . . . Sneak Attacks 2 | . . . . . . . . . . . . . . . 2 . . . . . . . . . . . . . . . . . . . . . . . . . . . . . . . Combat Hostiles . | . . . . . . . . . . . . . . . . . . . . . . . . . . . . . . . . . . . . . . . . . . . . . . . Follow-up Attacks . | . . . . . . . . . . . . . . . . . . . . . . . . . . . . . . . . . . . . . . . . . . . . . . . Damage Inflicted 112988 | 35 453 272 . 1149 2524 1892 1983 1246 4683 1838 519 1884 728 1585 1671 . 160 . 4399 2987 2981 6344 1829 350 . 619 2729 343 1279 6337 4151 4262 1805 1559 2287 397 3288 510 984 8027 2393 722 5404 10581 3778 10021 Guns 62576 | 35 445 97 . 49 2521 1890 1972 1216 3622 1619 519 1627 728 1554 1214 . 147 . 4032 577 2976 1024 165 . . . . . . . . . 1027 1559 2287 346 3217 510 880 7224 2315 722 1615 2604 3399 6842 Cannons 26632 | . . 175 . 70 . . . 30 . . . . . 31 302 . 13 . . . . 3096 912 65 . 469 2421 343 382 153 2229 3790 . . . . . . . 129 . . 3708 6497 . 1817 Explosions 22950 | . . . . 1030 . . . . 1010 . . 238 . . . . . . 266 2410 . 2201 752 285 . 150 308 . 897 6184 1922 472 778 . . . . . . 672 78 . 81 1480 379 1357 Melee 79 | . . . . . . . . . . . . . . . 79 . . . . . . . . . . . . . . . . . . . . . . . . . . . . . . . Ramming 509 | . 8 . . . 3 2 11 . 28 . . 19 . . 76 . . . 101 . 5 23 . . . . . . . . . . . . . 51 71 . 104 2 . . . . . 5 Kinetic 63772 | 22 84 . . . 1933 1890 1972 1216 3622 1619 519 1627 728 1554 510 . 63 . . 275 681 3335 1049 65 . 399 2290 229 344 153 2105 3000 934 1559 2287 346 3217 510 880 7224 2276 512 1147 5296 1029 5271 Thermal 12959 | 13 361 272 . 119 203 . . 30 23 219 . . . 31 1006 . 97 . 4032 714 2295 1096 28 . . 70 131 114 38 . . . 93 . . . . . . . 39 160 320 135 . 1320 Explosive 21065 | . . . . 1030 . . . . 1010 . . 238 . . . . . . 226 1683 . 1890 752 285 . 150 308 . 897 6184 1922 472 778 . . . . . . . 78 . 81 1345 379 1357 Electromagnetic 7752 | . . . . . 385 . . . . . . . . . . . . . 40 315 . . . . . . . . . . . . . . . . . . . 801 . 50 3856 1891 . 414 Impact 79 | . . . . . . . . . . . . . . . 79 . . . . . . . . . . . . . . . . . . . . . . . . . . . . . . . Slashing 5938 | . . . . . . . . . . . . . . . . . . . . . . . . . . . . . . . . . . . . . . . . . . . . 1914 2370 1654 Piercing . | . . . . . . . . . . . . . . . . . . . . . . . . . . . . . . . . . . . . . . . . . . . . . . . Entropic 914 | . . . . . . . . . . . . . . . . . . . . . . . . . . . . . . . 124 790 . . . . . . . . . . . . . . Highest Corruption 80 | . . . . . . . 1 1 1 1 1 1 . 16 20 20 20 20 3 2 2 6 6 6 6 6 2 2 2 2 . . 1 1 1 3 3 3 3 18 18 . 8 80 . 9 Average Corruption 5 | . . . . . . . 1 1 1 1 1 1 . 12 19 20 20 20 2 2 2 4 6 6 6 6 2 2 2 2 . . 1 1 1 2 3 3 2 9 18 . 4 15 . 7 Corruption Purged 3 | . . . . . . . . . . . . . . . . . . . . . . . . . . . . . . . . . . . . . . . 3 . . . . . . . Corruption Blocked 26 | . . . . . . . . . . . . . . . . . . . . . . . . . . . . . . . . . . . . . . . . . . . . 15 11 . Effects 584 | . . . . . . . 6 8 11 9 3 10 . 8 88 24 16 3 12 5 30 35 13 20 3 21 2 6 6 2 . . 1 2 8 11 28 4 5 68 56 . 7 48 . 5 Message Errors 138 | . . . . . . . 1 3 . 5 . 2 . 2 25 6 3 1 3 1 8 10 3 5 . 8 1 2 1 1 . . . 1 2 1 11 1 2 10 5 . 1 11 . 2 Matter Fused 135 | . . . . . . . 1 2 5 1 1 5 . . 15 8 6 . 4 2 5 10 1 6 2 5 . 1 2 1 . . . . 1 3 5 1 1 15 14 . 2 8 . 2 Heat Flow Errors 65 | . . . . . . . 3 . 2 2 . . . 1 11 . 3 . 2 1 2 4 3 1 . 3 . 1 3 . . . . . 2 3 3 1 1 4 4 . . 5 . . Energy Discharges 72 | . . . . . . . . 2 1 . . 1 . 2 10 3 1 1 1 . 3 8 2 6 . 3 1 . . . . . . 1 1 . 1 . . 9 10 . 1 4 . . Parts Rejected 8 | . . . . . . . . . 1 . 1 . . 1 . . . . . . . . . . . . . . . . . . . . . . . . . 2 2 . . 1 . . Data Loss (minor) 51 | . . . . . . . . . 1 1 . . . 1 7 4 . . 1 1 5 3 2 1 1 . . . . . . . . . . 2 1 1 . 4 6 . 2 7 . . Data Loss (major) 32 | . . . . . . . . . . . . 1 . . 4 3 . . 1 . 5 . 1 . . 2 . . . . . . 1 . . 1 3 . . 4 4 . . 2 . . Misfires 21 | . . . . . . . 1 . 1 . . . . . 4 . 2 . . . 2 . . 1 . . . 2 . . . . . . 1 . 1 . . 3 2 . . . . 1 Alerts 10 | . . . . . . . . . . . 1 . . . 2 . . 1 . . . . . . . . . . . . . . . . . 1 1 . 1 1 . . 1 1 . . Misdirections 7 | . . . . . . . . . . . . . . . 2 . . . . . . . . . . . . . . . . . . . . . . . . 1 2 . . 2 . . Weapon Failures 45 | . . . . . . . . 1 . . . 1 . 1 8 . 1 . . . . . 1 . . . . . . . . . . . 1 . 2 . . 15 7 . . 7 . . Overload Shots . | . . . . . . . . . . . . . . . . . . . . . . . . . . . . . . . . . . . . . . . . . . . . . . . Overflow Damage 3732 | . . . . 48 . . . . 34 . . 73 . . 54 . . . . 201 . 509 124 . . 26 475 . . 223 259 499 30 . . 21 17 . 71 15 . . 114 766 76 97 Projectiles 2670 | . . . . . . . . . . . . . . . . . . . . . . 460 42 . . 26 472 . . 74 213 478 . . . . . . . . . . 114 765 . 26 Explosions 899 | . . . . 48 . . . . 34 . . 73 . . . . . . . 201 . 49 82 . . . 3 . . 149 46 21 30 . . . . . . 15 . . . 1 76 71 Melee 163 | . . . . . . . . . . . . . . . 54 . . . . . . . . . . . . . . . . . . . . 21 17 . 71 . . . . . . . Knockbacks 91 | . . . . . . . . . . . . . . . 4 . . . 2 . . 16 . . . . 8 . . 1 7 15 . . . 1 . . . . . . . 27 . 10 Impact 7 | . . . . . . . . . . . . . . . 4 . . . 1 . . 1 . . . . . . . . . . . . . 1 . . . . . . . . . . Kinetic 70 | . . . . . . . . . . . . . . . . . . . . . . 13 . . . . 6 . . 1 7 15 . . . . . . . . . . . 20 . 8 Secondary 14 | . . . . . . . . . . . . . . . . . . . 1 . . 2 . . . . 2 . . . . . . . . . . . . . . . . 7 . 2 Self-Inflicted Damage 334 | . . . . 10 . . . . 31 . . 25 . . 18 . . . 106 64 . . . . . . . . . . . . . . . . . . . 79 . . . . . 1 Shots 10 | . . . . 1 . . . . 2 . . 1 . . . . . . 2 1 . . . . . . . . . . . . . . . . . . . 3 . . . . . . Rammed 49 | . 1 . . . 1 2 6 . 4 . . 5 . . 5 . . . 19 . 2 2 . . . . . . . . . . . . . . . . . . . . . . . 2 Targets Rammed 94 | . 2 . . . 1 2 6 . 6 . . 5 . . 33 . . . 21 . 2 2 . . . . . . . . . . . . . 1 6 . 2 2 . . . . . 3 Kicked 42 | . 1 . . . . . . . . . . . . . 28 . . . 1 . . . . . . . . . . . . . . . . 1 6 . 2 2 . . . . . 1 Crushed 3 | . . . . . . . . . 2 . . . . . . . . . 1 . . . . . . . . . . . . . . . . . . . . . . . . . . . Highest Temperature 521 | 18 321 144 . 63 275 127 166 99 270 233 50 100 101 250 339 . 191 92 521 426 306 332 261 154 . 253 154 250 196 120 143 213 284 223 211 242 242 350 170 355 323 174 283 204 201 201 Average Temperature 86 | 10 116 47 . 24 57 52 48 45 76 54 41 41 51 59 97 . 66 51 88 120 77 90 77 46 . 94 43 68 81 38 58 54 89 110 71 84 87 102 71 84 97 71 87 108 148 143 Received Heat Transfer 5881 | . 231 . . 9 333 131 107 81 450 117 18 117 99 . 435 . . . 279 198 450 262 36 . . 21 63 27 57 . 204 151 20 39 154 . 44 4 8 334 256 . 54 417 99 576 Effects 30 | . . . . . . . . . . . . . . . 4 . . . 1 2 . . . . . 1 . . . . . . . . . 1 1 2 . 4 . . . 5 3 6 Shutdowns 2 | . . . . . . . . . . . . . . . . . . . 1 1 . . . . . . . . . . . . . . . . . . . . . . . . . . Energy Bleed 11 | . . . . . . . . . . . . . . . 1 . . . . 1 . . . . . . . . . . . . . . . 1 1 . . 2 . . . . 3 2 Interference 15 | . . . . . . . . . . . . . . . 3 . . . . . . . . . . 1 . . . . . . . . . . . . . 2 . . . 5 . 4 Damage (minor) 2 | . . . . . . . . . . . . . . . . . . . . . . . . . . . . . . . . . . . . . . 2 . . . . . . . . Siege Activations 9 | . . . . . . . . . . . . 1 . . . . . . . . 4 1 . . . . 1 . . . . 2 . . . . . . . . . . . . . . Total Turns 102 | . . . . . . . . . . . . 1 . . . . . . . . 59 9 . . . . 10 . . . . 23 . . . . . . . . . . . . . . Longest Duration 20 | . . . . . . . . . . . . 1 . . . . . . . . 20 9 . . . . 10 . . . . 15 . . . . . . . . . . . . . . Robots Corrupted 38 | . . . . . . . . . . . . . . . . . . . . . . . . . . . . . . . . . . . . . . . . 2 . . 26 10 . . Combat Hostiles 37 | . . . . . . . . . . . . . . . . . . . . . . . . . . . . . . . . . . . . . . . . 2 . . 25 10 . . Parts Fried 77 | . . . . . 4 . . . . . . . . . 2 . . . . 2 . . . . . . . . . . . . . . . . 3 . . 2 . 1 43 19 . 1 Impact Corruptions 10 | . . . . . . . . . . . . . . . 3 . . . . . . 1 . . . . 1 . . . . . . . . 1 1 . 1 . . . . 2 . . Robots Melted 5 | . . . . . . . . . . . . . . . . . . . . . 5 . . . . . . . . . . . . . . . . . . . . . . . . . Combat Hostiles 2 | . . . . . . . . . . . . . . . . . . . . . 2 . . . . . . . . . . . . . . . . . . . . . . . . . Parts Melted 49 | . 1 2 . 1 2 1 . . . 2 . . . . 4 . . . 11 1 18 . . . . . . . . . . . . . . . . . . . . 2 3 . . 1 Heat Transferred 24710 | 37 1147 666 . 370 740 . . 37 74 740 . . . 37 2420 . 225 . 5694 1298 6426 1719 37 . . 100 . . . . . . 111 . . . . . . . 75 450 900 150 . 1257 Parts Sabotaged 10 | . . . . . . . . . . . . . . . . . . . . . 8 2 . . . . . . . . . . . . . . . . . . . . . . . . Parts Stolen . | . . . . . . . . . . . . . . . . . . . . . . . . . . . . . . . . . . . . . . . . . . . . . . . Parts Stripped . | . . . . . . . . . . . . . . . . . . . . . . . . . . . . . . . . . . . . . . . . . . . . . . . Power Chain Reactions 1 | . . . . . . . . . . . . . . . . . . . . . . . . . . . . . . . . . . . . . . . . . . . . 1 . . Missiles Intercepted . | . . . . . . . . . . . . . . . . . . . . . . . . . . . . . . . . . . . . . . . . . . . . . . . Alert | -11 -10 -10 -10 -9 -8 -8 -8 -8 -8 -8 -8 -8 -7 -7 -7 -7 -7 -7 -6 -6 -6 -6 -6 -6 -6 -5 -5 -5 -5 -5 -4 -4 -4 -4 -4 -4 -4 -4 -4 -4 -4 -3 -3 -3 -2 -2 ------- Run | Scr Mat Min Exi Min Mat Gar Mat Gar Mat Gar Mat Gar Fac Was Fac Low Low Zio Pro Fac Gar Fac Low Low Dat Pro Fac Upp Upp War Pro Fac Gar Fac Gar Fac Ext Cet Arc Hub Gar Res Qua Sec Res Tes Peak Influence 2098 | 10 142 114 . 235 482 1315 780 1058 1177 1409 878 1268 813 284 288 . . . . 848 1619 1442 . . . . 476 . . . . 429 808 576 841 531 998 825 522 1600 2098 1249 832 1229 1244 1537 Initial 1179 | . 6 14 . . 11 280 640 300 515 765 686 546 665 284 142 . . . . . 370 849 . . . . . . . . . 149 300 424 319 441 171 496 330 112 1120 1179 645 412 690 685 Average 649 | 3 30 68 . 45 285 855 520 736 764 1065 659 896 735 258 110 . . . . 575 908 1112 . . . . 194 . . . . 286 559 450 659 423 444 667 439 552 1778 1147 534 754 1089 1090 Maximum Alert Level 5 | . . . . 1 2 4 3 3 4 4 3 4 3 1 1 . . . . 3 5 4 . . . . 2 . . . . 2 3 2 3 2 3 3 2 5 5 4 3 4 4 4 Low Security (%) 15 | 100 100 100 . 97 21 . . . . . . . . . 87 . . . . 5 . . . . . . 61 . . . . 17 . . . . 5 . . 27 . . . . . . Level 1 13 | . . . . 2 49 12 14 13 . . 11 . . 100 12 . . . . 8 23 . . . . . 25 . . . . 57 17 . 3 30 49 . 38 18 . . 12 1 . . Level 2 27 | . . . . . 28 19 74 26 35 . 51 16 47 . . . . . . 60 13 . . . . . 12 . . . . 25 50 99 20 69 29 72 61 23 . . 73 31 4 2 Level 3 27 | . . . . . . 37 10 60 63 58 37 68 52 . . . . . . 25 24 47 . . . . . . . . . . 31 . 75 . 15 27 . 12 . 20 14 64 35 38 Level 4 13 | . . . . . . 30 . . 1 41 . 15 . . . . . . . . 33 52 . . . . . . . . . . . . . . . . . 15 30 79 . 2 60 59 Level 5 2 | . . . . . . . . . . . . . . . . . . . . . 4 . . . . . . . . . . . . . . . . . . 2 69 . . . . . High Security . | . . . . . . . . . . . . . . . . . . . . . . . . . . . . . . . . . . . . . . . . . . . . . . . Max Security . | . . . . . . . . . . . . . . . . . . . . . . . . . . . . . . . . . . . . . . . . . . . . . . . Squads Dispatched 123 | . 2 . . . 3 . 5 . 12 . 3 . 2 . 8 . . . . 5 . 13 . . . . 7 . . . 1 4 . 4 . 2 5 . . 14 . 2 8 10 3 10 Investigation 22 | . 1 . . . 1 . 4 . 3 . 2 . . . 1 . . . . . . 1 . . . . 1 . . . . 1 . 1 . . 1 . . 1 . 1 . 1 1 1 Extermination 30 | . . . . . . . . . . . . . . . 2 . . . . 2 . 4 . . . . 2 . . . . 3 . 1 . 1 . . . 5 . . 4 4 . 2 Reinforcement 35 | . 1 . . . 2 . 1 . 4 . . . . . 5 . . . . 2 . 3 . . . . 4 . . . . . . 1 . 1 2 . . 2 . . 2 . 2 3 Assault 22 | . . . . . . . . . 3 . . . . . . . . . . . . 5 . . . . . . . . 1 . . . . . 2 . . . . 1 1 5 . 4 Garrison 14 | . . . . . . . . . 2 . 1 . 2 . . . . . . 1 . . . . . . . . . . . . . 1 . . . . . 6 . . 1 . . . Intercept . | . . . . . . . . . . . . . . . . . . . . . . . . . . . . . . . . . . . . . . . . . . . . . . . Searches Triggered . | . . . . . . . . . . . . . . . . . . . . . . . . . . . . . . . . . . . . . . . . . . . . . . . Data Miner Redirects 12 | . . . . . . . . . . . . . . . . . . . . . . . . . . . 1 . . . . 1 . 1 . . 2 . . 1 . 1 . 2 . 3 Construction Impeded 10 | . . . . . . . . . 1 . . . . . 2 . . . . 1 . . . . . . 1 . . . . . . 1 . 1 1 . . 1 . . . . . 1 Haulers Reinforced 5 | . . . . . . . . . . . . . . . 1 . . . . 1 . 1 . . . . 1 . . . . . . . . . . . . 1 . . . . . . Active Scanning Responses . | . . . . . . . . . . . . . . . . . . . . . . . . . . . . . . . . . . . . . . . . . . . . . . . Cargo Convoy Interrupts . | . . . . . . . . . . . . . . . . . . . . . . . . . . . . . . . . . . . . . . . . . . . . . . . Stealth | -11 -10 -10 -10 -9 -8 -8 -8 -8 -8 -8 -8 -8 -7 -7 -7 -7 -7 -7 -6 -6 -6 -6 -6 -6 -6 -5 -5 -5 -5 -5 -4 -4 -4 -4 -4 -4 -4 -4 -4 -4 -4 -3 -3 -3 -2 -2 --------- Run | Scr Mat Min Exi Min Mat Gar Mat Gar Mat Gar Mat Gar Fac Was Fac Low Low Zio Pro Fac Gar Fac Low Low Dat Pro Fac Upp Upp War Pro Fac Gar Fac Gar Fac Ext Cet Arc Hub Gar Res Qua Sec Res Tes Distress Signals 42 | . . . . . 2 . 3 . 3 . . . . . . . . . 15 . . 1 . . . . 1 . . . . . . 1 . . 2 1 . 1 . . . 1 8 3 Communications Jammed 127 | . . . . . . . . . . . . . . . . . . . . . . . . . . . . . . . . . . . . . . . . 43 . . 2 . 7 75 Distress Signals 127 | . . . . . . . . . . . . . . . . . . . . . . . . . . . . . . . . . . . . . . . . 43 . . 2 . 7 75 Times Spotted 949 | . 10 3 . 21 31 31 28 24 63 16 10 21 6 6 26 . 1 . 27 27 35 36 4 5 . 2 26 1 5 38 17 21 12 9 21 3 42 7 8 60 35 11 41 74 27 58 Peak Tracking Total 13 | . 3 3 . 11 4 5 4 5 6 3 2 5 3 5 3 . 1 . 4 8 4 10 4 5 . 1 4 1 5 13 7 4 4 3 5 1 7 5 2 7 8 4 4 8 5 10 Tactical Retreats 29 | . . . . 1 2 . . 1 . . . . . 1 1 . . . 2 4 1 2 . . . . . . . . . 1 1 . 1 . 1 . . 1 . . 7 2 . . Traps | -11 -10 -10 -10 -9 -8 -8 -8 -8 -8 -8 -8 -8 -7 -7 -7 -7 -7 -7 -6 -6 -6 -6 -6 -6 -6 -5 -5 -5 -5 -5 -4 -4 -4 -4 -4 -4 -4 -4 -4 -4 -4 -3 -3 -3 -2 -2 ------- Run | Scr Mat Min Exi Min Mat Gar Mat Gar Mat Gar Mat Gar Fac Was Fac Low Low Zio Pro Fac Gar Fac Low Low Dat Pro Fac Upp Upp War Pro Fac Gar Fac Gar Fac Ext Cet Arc Hub Gar Res Qua Sec Res Tes Traps Triggered 39 | . 2 . . . 1 5 1 . 2 1 . . 1 2 4 . . . . 2 1 . . . . . 1 . . . . 1 2 1 . 2 3 . . 3 2 . 1 . . 1 Indirectly 2 | . . . . . . . . . . . . . . . . . . . . . . . . . . . . . . . . . . . . . . . . 2 . . . . . . Trap Hack Attempts . | . . . . . . . . . . . . . . . . . . . . . . . . . . . . . . . . . . . . . . . . . . . . . . . Triggered . | . . . . . . . . . . . . . . . . . . . . . . . . . . . . . . . . . . . . . . . . . . . . . . . Disarmed . | . . . . . . . . . . . . . . . . . . . . . . . . . . . . . . . . . . . . . . . . . . . . . . . Reprogrammed 6 | . . . . . 6 . . . . . . . . . . . . . . . . . . . . . . . . . . . . . . . . . . . . . . . . . Reused 4 | . . . . . 1 . . . . 1 . . . . . . . . . . . . . . . . . . . . . . . . . . . . . . . . 2 . . . Traps Extracted . | . . . . . . . . . . . . . . . . . . . . . . . . . . . . . . . . . . . . . . . . . . . . . . . Installed 10 | . . . . . . . . . . 2 . . . 2 . . . . . . . . . . . . . . . . . . . . . . . . . . . . 6 . . . Triggered 13 | . . . . . 1 . . . . 1 . . . . . . 1 . . . . . . . . . . . 1 5 . . . . . . 1 . . . . . 2 1 . . Most Traps Carried 4 | . . . . . . . . . . 2 2 2 2 2 . . 4 4 . . . . . . . . . . . . . . . . . . . . . . . . . . . . Machines | -11 -10 -10 -10 -9 -8 -8 -8 -8 -8 -8 -8 -8 -7 -7 -7 -7 -7 -7 -6 -6 -6 -6 -6 -6 -6 -5 -5 -5 -5 -5 -4 -4 -4 -4 -4 -4 -4 -4 -4 -4 -4 -3 -3 -3 -2 -2 ---------- Run | Scr Mat Min Exi Min Mat Gar Mat Gar Mat Gar Mat Gar Fac Was Fac Low Low Zio Pro Fac Gar Fac Low Low Dat Pro Fac Upp Upp War Pro Fac Gar Fac Gar Fac Ext Cet Arc Hub Gar Res Qua Sec Res Tes Machines Disabled 126 | . . . . . 3 2 . . 2 4 . 1 2 . . . . . 2 15 . 15 . . . . 8 . . . . 1 . 2 1 . 2 . 2 31 7 . 5 9 1 11 Max in Single Turn 10 | . . . . . 1 2 . . 1 1 . 1 1 . . . . . 1 10 . 4 . . . . . . . . . 1 . 1 1 . 2 . . 9 1 . 1 1 1 1 Garrison Access 4 | . . . . . . . . . . . . . . . . . . . . . . . . . . . . . . . . . . . . 1 . . . . . . 1 . 1 1 Garrison Relay 2 | . . . . . . . . . . . . . . . . . . . . . . . . . . . . . . . . . . . 1 . . . . . 1 . . . . . Phase Generator 1 | . . . . . . 1 . . . . . . . . . . . . . . . . . . . . . . . . . . . . . . . . . . . . . . . . Network Hub 4 | . . . . . . . . . . . . . . . . . . . . . . . . . . . . . . . . . . . . . . . . 4 . . . . . . Machines Sabotaged . | . . . . . . . . . . . . . . . . . . . . . . . . . . . . . . . . . . . . . . . . . . . . . . . Garrisons Compromised . | . . . . . . . . . . . . . . . . . . . . . . . . . . . . . . . . . . . . . . . . . . . . . . . Overloaded Fab Kills . | . . . . . . . . . . . . . . . . . . . . . . . . . . . . . . . . . . . . . . . . . . . . . . . Hacking | -11 -10 -10 -10 -9 -8 -8 -8 -8 -8 -8 -8 -8 -7 -7 -7 -7 -7 -7 -6 -6 -6 -6 -6 -6 -6 -5 -5 -5 -5 -5 -4 -4 -4 -4 -4 -4 -4 -4 -4 -4 -4 -3 -3 -3 -2 -2 --------- Run | Scr Mat Min Exi Min Mat Gar Mat Gar Mat Gar Mat Gar Fac Was Fac Low Low Zio Pro Fac Gar Fac Low Low Dat Pro Fac Upp Upp War Pro Fac Gar Fac Gar Fac Ext Cet Arc Hub Gar Res Qua Sec Res Tes Machines Accessed 133 | . 1 . 1 1 6 2 11 3 6 2 3 3 1 . 7 2 . . . 3 3 6 . . 4 1 4 1 . 1 . 4 1 3 1 2 5 1 . 13 2 2 14 8 2 3 Terminals 89 | . 1 . . . 4 2 7 3 3 2 1 3 1 . 3 1 . . . 2 3 5 . . . 1 2 . . . . 2 1 . 1 . 5 1 . 12 2 1 11 6 1 2 Fabricators 9 | . . . . . . . . . . . . . . . 4 . . . . . . . . . . . 2 . . . . 1 . 2 . . . . . . . . . . . . Repair Stations 10 | . . . . . 1 . 2 . 2 . . . . . . . . . . . . 1 . . . . . . . . . . . . . . . . . . . 1 2 1 . . Recycling Units 1 | . . . . . . . . . . . 1 . . . . . . . . . . . . . . . . . . . . . . . . . . . . . . . . . . . Scanalyzers 3 | . . . . . . . 1 . . . . . . . . . . . . . . . . . . . . . . . . . . . . 1 . . . . . . . 1 . . Garrison Access 12 | . . . . . 1 . 1 . 1 . 1 . . . . . . . . 1 . . . . . . . . . . . 1 . 1 . 1 . . . 1 . . 1 . 1 1 Total Hacks 393 | . 4 . 1 1 29 5 35 7 14 4 10 5 1 . 13 3 . . . 4 7 18 . . 26 1 7 1 . 1 . 12 2 5 2 5 12 2 . 42 3 12 62 20 7 10 Successful 216 | . 2 . 1 1 14 1 22 3 11 2 8 2 . . 4 3 . . . 1 1 10 . . 26 1 4 1 . 1 . 6 . 4 . 1 4 . . 26 1 6 33 11 1 4 Failed 177 | . 2 . . . 15 4 13 4 3 2 2 3 1 . 9 . . . . 3 6 8 . . . . 3 . . . . 6 2 1 2 4 8 2 . 16 2 6 29 9 6 6 Catastrophic 39 | . 1 . . . 3 2 1 . . 1 1 2 . . 2 . . . . 1 1 3 . . . . 1 . . . . 2 1 . . 1 2 2 . 2 1 . 4 3 2 . Database Lockouts . | . . . . . . . . . . . . . . . . . . . . . . . . . . . . . . . . . . . . . . . . . . . . . . . Manual 148 | . 3 . . . 13 1 13 . 8 . 9 . . . 4 . . . . 2 . 11 . . . . 2 . . 1 . 4 . . . . 10 1 . 20 . 5 27 12 . 2 Terminals 262 | . 4 . . . 16 5 22 7 7 4 6 5 1 . 6 2 . . . 3 7 15 . . . 1 3 . . . . 6 2 . 2 . 12 2 . 41 3 6 45 15 6 8 Fabricators 20 | . . . . . . . . . . . . . . . 7 . . . . . . . . . . . 4 . . . . 5 . 4 . . . . . . . . . . . . Repair Stations 48 | . . . . . 7 . 9 . 4 . . . . . . . . . . . . 3 . . . . . . . . . . . . . . . . . . . 6 16 3 . . Recycling Units 1 | . . . . . . . . . . . 1 . . . . . . . . . . . . . . . . . . . . . . . . . . . . . . . . . . . Scanalyzers 4 | . . . . . . . 1 . . . . . . . . . . . . . . . . . . . . . . . . . . . . 1 . . . . . . . 2 . . Garrison Access 27 | . . . . . 6 . 3 . 3 . 3 . . . . . . . . 1 . . . . . . . . . . . 1 . 1 . 4 . . . 1 . . 1 . 1 2 Terminal Hacks 121 | . 2 . 1 1 6 1 7 3 2 2 3 2 . . 1 3 . . . . 1 4 . . 26 1 1 1 . 1 . 2 . . . . 2 . . 16 1 3 20 5 . 3 Record 17 | . . . 1 . . . . . . . . . . . . 3 . . . . . . . . 11 1 . . . . . . . . . . . . . . . . 1 . . . Part Schematic 9 | . . . . . . . . . . . . . . . . . . . . . . . . . 8 . . . . . . 1 . . . . . . . . . . . . . . Robot Schematic 5 | . . . . . 1 . . . . . . . . . . . . . . . . . . . 4 . . . . . . . . . . . . . . . . . . . . . Robot Analysis 2 | . . . . . 2 . . . . . . . . . . . . . . . . . . . . . . . . . . . . . . . . . . . . . . . . . Prototype ID Bank 3 | . . . . . . . . . . . . . . . . . . . . . . . . . 3 . . . . . . . . . . . . . . . . . . . . . Open Door 6 | . . . . 1 . . . 1 . 1 . . . . . . . . . . . . . . . . . 1 . 1 . . . . . . . . . . . . . 1 . . Branch Access Points 3 | . 1 . . . . . . . . . . . . . . . . . . . . 1 . . . . . . . . . . . . . . . . . . . 1 . . . . Emergency Access Points 5 | . . . . . . . . 1 . 1 . 1 . . . . . . . . 1 . . . . . . . . . . . . . . . . . . . 1 . . . . . Machine Index 2 | . . . . . . . . . . . . . . . . . . . . . . . . . . . . . . . . . . . . . . . . . . . 1 1 . . Repair Station Index 1 | . . . . . . . . . . . . . . . . . . . . . . . . . . . . . . . . . . . . . . . . 1 . . . . . . Alert Level 11 | . . . . . 1 . 1 . . . 1 . . . . . . . . . . . . . . . 1 . . . . . . . . . 1 . . 4 . . 1 . . 1 Unreport Threat 22 | . . . . . . . 3 . 1 . 2 . . . . . . . . . . 1 . . . . . . . . . . . . . . 1 . . 5 . 2 5 2 . . Locate Traps 7 | . . . . . 1 . . . . . . . . . 1 . . . . . . . . . . . . . . . . 1 . . . . . . . 2 . . 1 . . 1 Reprogram Traps 4 | . . . . . 1 . . . . . . . . . . . . . . . . . . . . . . . . . . . . . . . . . . . . . 3 . . . Assault Status 1 | . . . . . . . . . . . . . . . . . . . . . . . . . . . . . . . . . . . . . . . . . . . 1 . . . Recall Extermination 1 | . . . . . . . . . . . . . . . . . . . . . . . . . . . . . . . . . . . . . . . . . . . 1 . . . Recall Reinforcements 1 | . . . . . . . . . . . . . . . . . . . . . . . . . . . . . . . . . . . . . . . . . . . 1 . . . Hauler Manifests 1 | . . . . . . . . . 1 . . . . . . . . . . . . . . . . . . . . . . . . . . . . . . . . . . . . . Registered Prototypes 1 | . . . . . . . . . . . . . . . . . . . . . . . . . . . . . . . . . . . . . . . . . . . 1 . . . Zone Layout 16 | . 1 . . . . . 3 . . . . . . . . . . . . . . 2 . . . . . . . . . . . . . . . . . 4 . . 4 1 . 1 Patrol Navigation 2 | . . . . . . 1 . 1 . . . . . . . . . . . . . . . . . . . . . . . . . . . . . . . . . . . . . . Security Stations 1 | . . . . . . . . . . . . 1 . . . . . . . . . . . . . . . . . . . . . . . . . . . . . . . . . . Fabricator Hacks 9 | . . . . . . . . . . . . . . . 3 . . . . . . . . . . . 2 . . . . 1 . 3 . . . . . . . . . . . . Network Status 1 | . . . . . . . . . . . . . . . . . . . . . . . . . . . . . . . . . . 1 . . . . . . . . . . . . Load Schematic 4 | . . . . . . . . . . . . . . . 1 . . . . . . . . . . . 1 . . . . 1 . 1 . . . . . . . . . . . . Build 4 | . . . . . . . . . . . . . . . 2 . . . . . . . . . . . 1 . . . . . . 1 . . . . . . . . . . . . Repair Station Hacks 30 | . . . . . 4 . 8 . 3 . . . . . . . . . . . . 2 . . . . . . . . . . . . . . . . . . . 3 8 2 . . Scan Component 17 | . . . . . 2 . 4 . 2 . . . . . . . . . . . . 1 . . . . . . . . . . . . . . . . . . . 2 5 1 . . Repair 13 | . . . . . 2 . 4 . 1 . . . . . . . . . . . . 1 . . . . . . . . . . . . . . . . . . . 1 3 1 . . Recycling Unit Hacks . | . . . . . . . . . . . . . . . . . . . . . . . . . . . . . . . . . . . . . . . . . . . . . . . Scanalyzer 2 | . . . . . . . . . . . . . . . . . . . . . . . . . . . . . . . . . . . . . . . . . . . . 2 . . Insert Component 2 | . . . . . . . . . . . . . . . . . . . . . . . . . . . . . . . . . . . . . . . . . . . . 2 . . Garrison Access Hacks 12 | . . . . . 1 . 1 . 1 . 1 . . . . . . . . 1 . . . . . . . . . . . 1 . 1 . 1 . . . 1 . . 1 . 1 1 Unlock Access 8 | . . . . . 1 . 1 . 1 . 1 . . . . . . . . 1 . . . . . . . . . . . 1 . 1 . . . . . 1 . . . . . . Seal Access 4 | . . . . . . . . . . . . . . . . . . . . . . . . . . . . . . . . . . . . 1 . . . . . . 1 . 1 1 Unauthorized Hacks 41 | . . . . . 3 . 6 . 5 . 3 . . . . . . . . . . 4 . . . . 1 . . . . 2 . . . . 2 . . 9 . . 4 2 . . Terminals 36 | . . . . . 3 . 4 . 4 . 1 . . . . . . . . . . 4 . . . . 1 . . . . 2 . . . . 2 . . 9 . . 4 2 . . Track 4 | . . . . . . . . . . . . . . . . . . . . . . 1 . . . . . . . . . . . . . . . . . 3 . . . . . . Assimilate 3 | . . . . . . . . . 1 . . . . . . . . . . . . 1 . . . . . . . . . . . . . . . . . 1 . . . . . . Botnet 25 | . . . . . 2 . 4 . 3 . 1 . . . . . . . . . . 1 . . . . 1 . . . . 2 . . . . 2 . . 3 . . 4 2 . . Detonate 2 | . . . . . . . . . . . . . . . . . . . . . . . . . . . . . . . . . . . . . . . . 2 . . . . . . Operators 2 | . . . . . 1 . . . . . . . . . . . . . . . . 1 . . . . . . . . . . . . . . . . . . . . . . . . Fabricators . | . . . . . . . . . . . . . . . . . . . . . . . . . . . . . . . . . . . . . . . . . . . . . . . Repair Stations . | . . . . . . . . . . . . . . . . . . . . . . . . . . . . . . . . . . . . . . . . . . . . . . . Recycling Units 1 | . . . . . . . . . . . 1 . . . . . . . . . . . . . . . . . . . . . . . . . . . . . . . . . . . Tunnel 1 | . . . . . . . . . . . 1 . . . . . . . . . . . . . . . . . . . . . . . . . . . . . . . . . . . Scanalyzers 1 | . . . . . . . 1 . . . . . . . . . . . . . . . . . . . . . . . . . . . . . . . . . . . . . . . Extract 1 | . . . . . . . 1 . . . . . . . . . . . . . . . . . . . . . . . . . . . . . . . . . . . . . . . Garrison Access 3 | . . . . . . . 1 . 1 . 1 . . . . . . . . . . . . . . . . . . . . . . . . . . . . . . . . . . . Reprogram 3 | . . . . . . . 1 . 1 . 1 . . . . . . . . . . . . . . . . . . . . . . . . . . . . . . . . . . . Data Cores Recovered 4 | . . . . . . . . . . . . . . . . . . . . . . . . . . . . . . . . . . . . . . . . 1 . . 1 1 1 . Used 2 | . . . . . . . . . . . . . . . . . . . . . . . . . . . . . . . . . . . . . . . . . . . 1 . 1 . Hacking Detections 101 | . 1 . . . 6 2 10 2 6 1 1 3 1 . 5 1 . . . 3 3 6 . . . . 3 . . . . 3 1 3 1 1 5 2 . 10 1 2 11 4 1 2 Full Trace Events 20 | . . . . . 2 1 2 1 1 1 . 2 . . 1 . . . . . 1 1 . . . . 1 . . . . 1 1 1 . . . . . 1 . . . 1 1 . Feedback Events 2 | . . . . . . . 1 . . . . . . . . . . . . . . . . . . . . . . . . . 1 . . . . . . . . . . . . . Corruption 2 | . . . . . . . 1 . . . . . . . . . . . . . . . . . . . . . . . . . 1 . . . . . . . . . . . . . Feedback Blocked . | . . . . . . . . . . . . . . . . . . . . . . . . . . . . . . . . . . . . . . . . . . . . . . . Robot Schematics Acquired 5 | . . . . . 1 . . . . . . . . . . . . . . . . . . . 4 . . . . . . . . . . . . . . . . . . . . . Robots Built 7 | . . . . . . . . . . . . . . . 4 . . . . . . . . . . . 3 . . . . . . . . . . . . . . . . . . . Authchips . | . . . . . . . . . . . . . . . . . . . . . . . . . . . . . . . . . . . . . . . . . . . . . . . Time 157 | . . . . . . . . . . . . . . . 81 . . . . . . . . . . . 76 . . . . . . . . . . . . . . . . . . . Total Robot Build Rating 19 | . . . . . . . . . . . . . . . 4 . . . . . . . . . . . 15 . . . . . . . . . . . . . . . . . . . Part Schematics Acquired 18 | . . . . . . . 8 . . . . . . . . . . . . . . . . . 8 . . . . . . 1 . . . . . . . . . . . . . 1 Parts Built 3 | . . . . . . . . . . . . . . . 2 . . . . . . . . . . . . . . . . . . 1 . . . . . . . . . . . . Authchips . | . . . . . . . . . . . . . . . . . . . . . . . . . . . . . . . . . . . . . . . . . . . . . . . Time 104 | . . . . . . . . . . . . . . . 53 . . . . . . . . . . . . . . . . . . 51 . . . . . . . . . . . . Total Part Build Rating 13 | . . . . . . . . . . . . . . . 12 . . . . . . . . . . . . . . . . . . 1 . . . . . . . . . . . . Parts Repaired 13 | . . . . . 2 . 4 . 1 . . . . . . . . . . . . 1 . . . . . . . . . . . . . . . . . . . 1 3 1 . . Time 651 | . . . . . 86 . 231 . 50 . . . . . . . . . . . . 62 . . . . . . . . . . . . . . . . . . . 24 178 20 . . Parts Recycled . | . . . . . . . . . . . . . . . . . . . . . . . . . . . . . . . . . . . . . . . . . . . . . . . Recycled Matter . | . . . . . . . . . . . . . . . . . . . . . . . . . . . . . . . . . . . . . . . . . . . . . . . Retrieved Matter . | . . . . . . . . . . . . . . . . . . . . . . . . . . . . . . . . . . . . . . . . . . . . . . . Retrieved Components . | . . . . . . . . . . . . . . . . . . . . . . . . . . . . . . . . . . . . . . . . . . . . . . . Parts Scanalyzed . | . . . . . . . . . . . . . . . . . . . . . . . . . . . . . . . . . . . . . . . . . . . . . . . Part Schematics Acquired . | . . . . . . . . . . . . . . . . . . . . . . . . . . . . . . . . . . . . . . . . . . . . . . . Parts Damaged . | . . . . . . . . . . . . . . . . . . . . . . . . . . . . . . . . . . . . . . . . . . . . . . . Bothacking | -11 -10 -10 -10 -9 -8 -8 -8 -8 -8 -8 -8 -8 -7 -7 -7 -7 -7 -7 -6 -6 -6 -6 -6 -6 -6 -5 -5 -5 -5 -5 -4 -4 -4 -4 -4 -4 -4 -4 -4 -4 -4 -3 -3 -3 -2 -2 ------------ Run | Scr Mat Min Exi Min Mat Gar Mat Gar Mat Gar Mat Gar Fac Was Fac Low Low Zio Pro Fac Gar Fac Low Low Dat Pro Fac Upp Upp War Pro Fac Gar Fac Gar Fac Ext Cet Arc Hub Gar Res Qua Sec Res Tes Used RIF Installer 1 | . . . . . . . . . . . . . . . . . . . . . . . . . . . . . . . . . . . . . . . . . 1 . . . . . Robots Hacked 4 | . . . . . . . . . . . . . . . . . . . . . . . . . . . . . . . . . . . . . . . 1 . 2 . 1 . . . Non-combat 1 | . . . . . . . . . . . . . . . . . . . . . . . . . . . . . . . . . . . . . . . 1 . . . . . . . Combat 1 | . . . . . . . . . . . . . . . . . . . . . . . . . . . . . . . . . . . . . . . . . . . 1 . . . Robot Hacks Applied 2 | . . . . . . . . . . . . . . . . . . . . . . . . . . . . . . . . . . . . . . . 1 . . . 1 . . . parse_system 2 | . . . . . . . . . . . . . . . . . . . . . . . . . . . . . . . . . . . . . . . 1 . . . 1 . . . Manual 2 | . . . . . . . . . . . . . . . . . . . . . . . . . . . . . . . . . . . . . . . . . 2 . . . . . Relay Couplers Released 20 | . . . . . . 4 . . . . . . . . . . . . . . . . . . . . . . . . . . . . 5 . . . . 3 8 . . . . . Machine Destruction 9 | . . . . . . . . . . . . . . . . . . . . . . . . . . . . . . . . . . . 5 . . . . . 4 . . . . . Programmers 11 | . . . . . . 4 . . . . . . . . . . . . . . . . . . . . . . . . . . . . . . . . . 3 4 . . . . . Attached 1 | . . . . . . . . . . . . . . . . . . . . . . . . . . . . . . . . . . . . . . . . . 1 . . . . . Fabnet Peak Effective % . | . . . . . . . . . . . . . . . . . . . . . . . . . . . . . . . . . . . . . . . . . . . . . . . Robots Rewired 48 | . . . . . . 6 . 3 . 3 . . . . . . . . 2 . 3 . . . . . . . . 3 2 . . . 3 . 16 . . . 5 . . . . 2 Allies Hacked 3 | . . . . . . 1 . . . . . . . . . . . . . . . . . . . . 1 . . . . . . . . . . 1 . . . . . . . . Hacks Repelled . | . . . . . . . . . . . . . . . . . . . . . . . . . . . . . . . . . . . . . . . . . . . . . . . Allies | -11 -10 -10 -10 -9 -8 -8 -8 -8 -8 -8 -8 -8 -7 -7 -7 -7 -7 -7 -6 -6 -6 -6 -6 -6 -6 -5 -5 -5 -5 -5 -4 -4 -4 -4 -4 -4 -4 -4 -4 -4 -4 -3 -3 -3 -2 -2 -------- Run | Scr Mat Min Exi Min Mat Gar Mat Gar Mat Gar Mat Gar Fac Was Fac Low Low Zio Pro Fac Gar Fac Low Low Dat Pro Fac Upp Upp War Pro Fac Gar Fac Gar Fac Ext Cet Arc Hub Gar Res Qua Sec Res Tes Total Allies 95 | . . 2 . 3 . 6 3 4 2 5 2 . . . 4 . . 4 2 3 7 . . . . 1 3 . . 3 2 . . . 3 . 25 2 . . 7 . . . . 2 Largest Group 16 | . . 2 2 3 1 6 3 4 2 3 4 2 . . 4 3 3 7 6 3 7 5 . . . 1 4 . . 3 2 1 . . 3 . 16 14 12 8 5 4 . . . 2 Highest-Rated Group 650 | . . 39 39 40 16 96 48 63 31 64 96 32 . . 20 15 15 102 82 93 298 214 . . . 96 176 . . 139 79 49 . . 36 . 649 650 621 392 297 245 . . . 158 Highest-Rated Ally 159 | . . 31 31 16 16 16 16 31 31 39 39 16 . . 5 5 5 28 34 31 95 95 . . . 96 89 . . 49 49 49 . . 12 . 159 96 96 89 148 116 . . . 79 Warlord Squad Rendezvous 3 | . . . . . . . . . . . . . . . . . . . . 1 . 1 . . . . 1 . . . . . . . . . . . . . . . . . . . Infantry 1 | . . . . . . . . . . . . . . . . . . . . . . 1 . . . . . . . . . . . . . . . . . . . . . . . . Ranger 1 | . . . . . . . . . . . . . . . . . . . . 1 . . . . . . . . . . . . . . . . . . . . . . . . . . Pyro 1 | . . . . . . . . . . . . . . . . . . . . . . . . . . . 1 . . . . . . . . . . . . . . . . . . . Total Orders 21 | . . . . . . 5 . . . 1 . . . . 1 . . . 2 3 . . . . . . . . . 1 . 2 3 . . . . . . 2 1 . . . . . STAY 4 | . . . . . . 2 . . . 1 . . . . . . . . . . . . . . . . . . . . . . . . . . . . . 1 . . . . . . FOLLOW 4 | . . . . . . 3 . . . . . . . . . . . . . . . . . . . . . . . . . . . . . . . . . 1 . . . . . . EXPLORE 4 | . . . . . . . . . . . . . . . . . . . . 1 . . . . . . . . . . . 1 2 . . . . . . . . . . . . . RETURN 9 | . . . . . . . . . . . . . . . 1 . . . 2 2 . . . . . . . . . 1 . 1 1 . . . . . . . 1 . . . . . Ally Attacks 853 | . . . . 27 11 58 16 22 15 26 17 12 . . 18 . 1 . 40 20 54 20 . . . 11 66 . . 10 24 1 . . 17 . 169 44 35 29 53 23 . . . 14 Total Damage 21989 | . . . . 253 108 837 129 273 194 212 301 160 . . 73 . . . 670 292 2190 853 . . . 371 2865 . . 257 794 70 . . 168 . 4156 1202 1054 830 1702 839 . . . 1136 Kills 148 | . . . . 6 2 7 1 1 4 3 6 3 . . 2 . . . 4 6 13 6 . . . 1 15 . . 2 5 . . . . . 24 5 2 7 16 4 . . . 3 Allies Corrupted 1 | . . . . . . . . . . . . . . . . . . . . . . . . . . . 1 . . . . . . . . . . . . . . . . . . . Allies Melted 4 | . . . . . . . . . . . . . . . . . . . . . . 1 . . . . . . . . . . . . . . . . . . . . . . 3 . Intel | -11 -10 -10 -10 -9 -8 -8 -8 -8 -8 -8 -8 -8 -7 -7 -7 -7 -7 -7 -6 -6 -6 -6 -6 -6 -6 -5 -5 -5 -5 -5 -4 -4 -4 -4 -4 -4 -4 -4 -4 -4 -4 -3 -3 -3 -2 -2 ------- Run | Scr Mat Min Exi Min Mat Gar Mat Gar Mat Gar Mat Gar Fac Was Fac Low Low Zio Pro Fac Gar Fac Low Low Dat Pro Fac Upp Upp War Pro Fac Gar Fac Gar Fac Ext Cet Arc Hub Gar Res Qua Sec Res Tes Robot Analysis Total 2 | . . . . . 2 . . . . . . . . . . . . . . . . . . . . . . . . . . . . . . . . . . . . . . . . . Derelict Logs Recovered 14 | . . 1 . 2 . . . . . . . . . . . 2 2 1 . . . . . 2 . 2 . 1 . . 1 . . . . . . . . . . . . . . . Drone Launches 45 | . . . . . . . . . . . . . . . 2 . . . 11 8 . . . . . . . . . 1 . 4 3 . . . . . . . 10 . 6 . . . Drone Recoveries 33 | . . . . . . . . . . . . . . . 1 . . . 4 5 . . . . . . . . . 1 . 4 2 . . . . . . . 10 . 6 . . . Decoded 0b10 Intel 65 | . . . . . . . . . . . . . . . . . . . . . . . . . . . 65 . . . . . . . . . . . . . . . . . . . Items 65 | . . . . . . . . . . . . . . . . . . . . . . . . . . . 65 . . . . . . . . . . . . . . . . . . . Exploration | -11 -10 -10 -10 -9 -8 -8 -8 -8 -8 -8 -8 -8 -7 -7 -7 -7 -7 -7 -6 -6 -6 -6 -6 -6 -6 -5 -5 -5 -5 -5 -4 -4 -4 -4 -4 -4 -4 -4 -4 -4 -4 -3 -3 -3 -2 -2 ------------- Run | Scr Mat Min Exi Min Mat Gar Mat Gar Mat Gar Mat Gar Fac Was Fac Low Low Zio Pro Fac Gar Fac Low Low Dat Pro Fac Upp Upp War Pro Fac Gar Fac Gar Fac Ext Cet Arc Hub Gar Res Qua Sec Res Tes Turns Passed 45104 | 97 719 616 249 795 1461 1432 1556 1325 1953 1404 274 1293 246 170 1730 493 343 1346 1723 826 2059 1797 545 810 153 921 1116 739 555 1477 701 779 645 463 766 575 1250 158 611 1924 1046 317 2458 1802 568 818 Spaces Moved 24928 | 51 319 347 227 637 664 752 761 724 1005 672 137 629 119 93 1171 402 269 1101 819 585 1003 925 300 500 94 402 591 430 280 663 230 270 330 263 459 431 772 98 166 1129 625 236 1521 904 376 446 Core 240 | 2 . . . . . . . . . . . . . 50 161 . . . . . . . . . . . . . . . . . . . . . . . . . . . . . . 27 Treads 11675 | 49 167 . . . 641 752 761 724 1005 672 137 629 119 43 . . . . 285 158 960 925 300 500 94 402 591 430 280 663 230 158 . . . . . . . . . . . . . . Legs 11341 | . 152 188 . . . . . . . . . . . . 1010 402 269 1101 283 98 . . . . . . . . . . . 112 330 263 459 431 772 98 166 1129 625 236 1521 904 376 416 Wheels 1166 | . . 159 227 637 23 . . . . . . . . . . . . . 120 . . . . . . . . . . . . . . . . . . . . . . . . . . . Hover 503 | . . . . . . . . . . . . . . . . . . . 131 329 40 . . . . . . . . . . . . . . . . . . . . . . . . 3 Flight 3 | . . . . . . . . . . . . . . . . . . . . . 3 . . . . . . . . . . . . . . . . . . . . . . . . . Fastest Speed 42 | 50 160 110 110 80 105 160 160 160 160 166 166 165 165 50 50 120 120 120 48 42 131 160 160 160 160 160 160 160 160 160 160 120 120 120 120 115 115 120 120 106 106 113 108 108 102 50 Average Speed 141 | 155 175 153 110 113 161 160 160 160 162 166 166 181 165 103 111 120 120 120 164 112 167 160 160 160 160 160 160 160 160 160 160 156 140 120 120 118 117 120 120 118 110 113 119 144 108 99 Slowest Speed 380 | 160 240 190 110 125 240 160 160 160 240 166 166 250 166 166 130 120 120 120 330 260 295 160 160 160 160 160 160 160 160 240 165 190 190 120 120 188 188 120 190 190 182 113 184 188 184 380 Overloaded Moves . | . . . . . . . . . . . . . . . . . . . . . . . . . . . . . . . . . . . . . . . . . . . . . . . Propulsion Burnouts . | . . . . . . . . . . . . . . . . . . . . . . . . . . . . . . . . . . . . . . . . . . . . . . . Robots Hopped 1 | . . . . . . . . . . . . . . . . . . 1 . . . . . . . . . . . . . . . . . . . . . . . . . . . . Cave-ins Triggered . | . . . . . . . . . . . . . . . . . . . . . . . . . . . . . . . . . . . . . . . . . . . . . . . Exploration Rate (%) 53 | 4 37 61 61 91 68 68 68 78 64 57 15 69 5 78 34 58 57 86 56 14 91 20 49 74 69 62 15 69 50 94 50 9 41 8 52 11 89 64 90 73 77 10 89 47 14 67 Regions Visited 46 Branch Regions 22 Pre-discovered Areas 6 | . . 1 . . . . . . . . 1 . . . . 1 1 . . . . . . . 1 . . . . . 1 . . . . . . . . . . . . . . . Known Exits Taken 29 | . 1 . . . 1 . 1 . 1 . 1 . . . 1 . . . 1 1 . 1 1 1 1 1 1 1 1 1 1 1 . 1 . 1 1 1 1 1 . 1 1 1 1 . Unknown Exits Taken 7 | 1 . 1 1 1 . . . . . . . . . . . 1 1 1 . . . . . . . . . . . . . . . . . . . . . . . . . . . . Scrap Searched 25 | . . 1 . 2 . . . . . . . . . . . . 4 4 1 . . . 3 1 . 3 . 4 1 . 1 . . . . . . . . . . . . . . . Spaces Dug 225 | . . . . . . . . . . . . 9 . . 3 . . . . . . 2 . . . . . 11 . 7 4 . . . 1 . . . . 184 . . . 3 . 1 Terrain Destroyed 2015 | . . . . 53 . 79 . . 66 . . 22 . . 3 . . . 61 127 7 130 33 14 . 12 14 15 30 50 108 24 97 10 8 17 28 3 9 760 13 . 23 85 48 66 Melee 3 | . . . . . . . . . . . . . . . 3 . . . . . . . . . . . . . . . . . . . . . . . . . . . . . . . Projectile 382 | . . . . . . . . . . . . . . . . . . . . . 7 13 1 1 . 1 5 15 2 8 7 9 5 10 5 17 28 3 9 106 4 . 3 28 42 53 AOE 1621 | . . . . 53 . 79 . . 66 . . 22 . . . . . . 61 127 . 117 32 13 . 11 9 . 28 42 101 15 92 . . . . . . 654 8 . 17 56 5 13 Terrain Rammed 2 | . . . . . . . . . . . . . . . . . . . 2 . . . . . . . . . . . . . . . . . . . . . . . . . . . Walls Destroyed . | . . . . . . . . . . . . . . . . . . . . . . . . . . . . . . . . . . . . . . . . . . . . . . . Machines Disabled 2 | . . . . . . . . . . . . . . . . . . . 2 . . . . . . . . . . . . . . . . . . . . . . . . . . . Actions | -11 -10 -10 -10 -9 -8 -8 -8 -8 -8 -8 -8 -8 -7 -7 -7 -7 -7 -7 -6 -6 -6 -6 -6 -6 -6 -5 -5 -5 -5 -5 -4 -4 -4 -4 -4 -4 -4 -4 -4 -4 -4 -3 -3 -3 -2 -2 --------- Run | Scr Mat Min Exi Min Mat Gar Mat Gar Mat Gar Mat Gar Fac Was Fac Low Low Zio Pro Fac Gar Fac Low Low Dat Pro Fac Upp Upp War Pro Fac Gar Fac Gar Fac Ext Cet Arc Hub Gar Res Qua Sec Res Tes Total 31966 | 61 418 395 226 692 951 915 1050 828 1218 870 171 724 151 141 1434 413 280 1125 1043 704 1245 1114 329 506 97 666 703 459 371 1024 492 541 463 359 603 477 1023 124 557 1442 887 261 2013 1250 488 662 Wait 2937 | . 51 20 . 5 145 37 212 24 68 26 16 15 9 2 102 5 5 6 86 42 100 72 2 4 . 242 32 7 65 138 168 188 65 44 17 10 40 14 362 62 76 3 224 78 10 38 Move 24875 | 50 318 346 226 636 664 749 760 723 1004 671 136 628 119 92 1170 401 268 1098 818 585 998 924 299 499 93 401 590 429 279 662 229 270 329 263 454 430 771 97 165 1129 623 235 1520 903 375 446 Hop 1 | . . . . . . . . . . . . . . . . . . 1 . . . . . . . . . . . . . . . . . . . . . . . . . . . . Pick Up 187 | 2 10 5 . 16 11 2 1 . 2 7 1 3 1 4 2 1 1 2 8 2 9 3 2 . . 1 1 2 1 5 . 4 1 8 5 5 2 . 3 16 1 1 25 7 . 4 Fast Attach 362 | 7 4 . . 3 16 . 6 . 7 1 1 7 3 2 19 2 . 5 22 12 22 16 1 . 2 6 11 2 5 12 4 9 12 8 2 4 1 1 6 27 10 2 21 31 13 17 Attach 119 | . . 1 . . 5 1 2 . 2 1 . 1 1 3 3 1 . . 3 12 1 1 . . . 1 3 1 1 2 . 4 . . 3 1 . . . 16 1 3 14 9 1 21 Detach 112 | . . . . . 2 . 2 . 3 . . 1 . . 3 1 . . 10 10 2 4 . . . 1 7 . 1 1 . 2 1 3 . . . . . 15 2 2 14 8 3 14 Swap 323 | . 3 2 . 6 9 7 4 11 14 4 2 2 . . 8 . 2 1 4 2 12 20 4 1 . . 12 2 8 5 3 7 13 6 3 7 4 3 2 32 9 3 27 22 24 13 Drop 391 | . 2 3 . 12 25 4 6 . 9 6 1 6 . 7 8 2 1 11 17 5 23 11 3 . 2 6 9 2 5 20 4 1 15 7 10 8 3 3 8 31 4 1 37 19 25 9 Fire 1857 | 2 28 18 . 14 73 71 51 60 103 75 14 56 18 29 78 . 3 1 43 34 67 61 18 2 . 8 33 14 6 42 46 56 24 20 36 6 35 6 9 112 51 11 125 173 37 88 Melee 8 | . . . . . . . . . . . . . . . 8 . . . . . . . . . . . . . . . . . . . . . . . . . . . . . . . Ram 12 | . . . . . . . . . . . . . . . 5 . . . 5 . . . . . . . . . . . . . . . . . . . . . . . . . . 2 Kick 42 | . 1 . . . . . . . . . . . . . 28 . . . 1 . . . . . . . . . . . . . . . . 1 6 . 2 2 . . . . . 1 Crush 42 | . 1 . . . 1 2 6 . 6 . . 5 . . . . . . 17 . 2 2 . . . . . . . . . . . . . . . . . . . . . . . . Escape Stasis 33 | . . . . . . . . . . . . . . . . . . . . . . . . . . . . . . . . . 3 . . 5 13 . . . 9 . . . . 3 Rewire 655 | . . . . . . 42 . 10 . 77 . . . . . . . . 9 . 9 . . . . . 5 . . 137 38 . . . 73 . 148 . . . 101 . . . . 6 Trap 10 | . . . . . . . . . . 2 . . . 2 . . . . . . . . . . . . . . . . . . . . . . . . . . . . 6 . . . Miscellaneous . | . . . . . . . . . . . . . . . . . . . . . . . . . . . . . . . . . . . . . . . . . . . . . . . Route ------- -11/Scrapyard -10/Materials (discovered 2 exits: *Min x2) -10/Mines (discovered 3 exits: [*Mat x2] / *Exi) -10/Exiles -9/Mines -8/Materials (discovered 3 exits: *Fac x2 / Gar) -8/Garrison (discovered 2 exits: *Mat x2) -8/Materials (discovered 3 exits: *Fac x2 / Gar) -8/Garrison (discovered 4 exits: *Fac x3 / *Mat) -8/Materials (discovered 2 exits: *Fac / Gar) -8/Garrison (discovered 2 exits: *Mat x2) -8/Materials -8/Garrison (discovered 3 exits: *Fac x3) -7/Factory -7/Waste -7/Factory (discovered 3 exits: *Fac x2 / *Low) -7/Lower Caves -7/Lower Caves -7/Zion -6/Proximity Caves -6/Factory (discovered 3 exits: Fac / Low / Gar) -6/Garrison (discovered 3 exits: *Fac x3) -6/Factory (discovered 3 exits: *Fac / *Low x2) -6/Lower Caves -6/Lower Caves -6/Data Miner -5/Proximity Caves -5/Factory -5/Upper Caves -5/Upper Caves -5/Warlord -4/Proximity Caves -4/Factory -4/Garrison -4/Factory -4/Garrison (discovered 3 exits: *Fac x3) -4/Factory -4/Extension (discovered 2 exits: *Res / *Cet) -4/Cetus -4/Archives (discovered 3 exits: *Res / *Hub x2) -4/Hub_04(d) (discovered 4 exits: *Res x3 / Gar) -4/Garrison (discovered 2 exits: *Res x2) -3/Research (discovered 3 exits: Arm / *Qua x2) -3/Quarantine (discovered 2 exits: *Res / *Sec) -3/Section 7 -2/Research (discovered 2 exits: *Acc / *Tes) -2/Testing History --------- Turn | Location | Event 6 | -11/Scrapyard | Discovered new exit (range 16) 98 | -11/Scrapyard | Entered Materials 305 | -10/Materials | Build established: Mutant 349 | -10/Materials | Identified exit to Mines 817 | -10/Materials | Entered Mines 929 | -10/Mines | Deemed a non-threat by the Exiles lab entrance 929 | -10/Mines | Discovered new exit (range 5) 1045 | -10/Mines | Discovered new exit (range 7) 1275 | -10/Mines | Learned location of Mines (-9) 1305 | -10/Mines | Discovered new exit (range 9) 1433 | -10/Mines | Entered Exiles 1433 | -10/Exiles | Found Exiles lab abandoned 1433 | -10/Exiles | Accompanied by 2 allies 1463 | -10/Exiles | Led the pair of lost Derelicts to a safe place 1540 | -10/Exiles | Build established: Scavenger-Mutant 1673 | -10/Exiles | Discovered new exit (range 10) 1682 | -10/Exiles | Entered Mines 1685 | -9/Mines | Assisted by bots powering up and referring to "LRC-V3" 1742 | -9/Mines | Received a Rocket Launcher from a helpful Derelict 1768 | -9/Mines | Learned 4 Materials zone layouts 1847 | -9/Mines | Discovered new exit (range 15) 2049 | -9/Mines | Assembled infested the area 2054 | -9/Mines | Assisted by a Guerilla fighting off Assembled 2095 | -9/Mines | Destroyed 14 combat bots 2119 | -9/Mines | Learned 4 Materials zone layouts 2172 | -9/Mines | Found the Drone Emporium 2179 | -9/Mines | Found Prototype Device 2179 | -9/Mines | Identified Bomb Drone Bay 2477 | -9/Mines | Entered Materials 2477 | -8/Materials | Accompanied by 1 ally 2477 | -8/Materials | Evolved 4 slots: Propulsion x1, Utility x1, Weapon x2 2755 | -8/Materials | Build established: Scavenger-Tank 3134 | -8/Materials | Discovered new exit (range 14) 3639 | -8/Materials | Discovered new exit (range 13) 3840 | -8/Materials | Repaired Lgt. Treads 3861 | -8/Materials | Build established: Tank 3901 | -8/Materials | Repaired Enh. Autogun 3938 | -8/Materials | Identified exit to Garrison 3938 | -8/Materials | Entered Garrison 4016 | -8/Garrison | Triggered checkpoint 4387 | -8/Garrison | Triggered checkpoint 4511 | -8/Garrison | Discovered new exit (range 14) 4545 | -8/Garrison | Build established: Commander-Tank 4586 | -8/Garrison | Triggered checkpoint 4700 | -8/Garrison | Discovered new exit (range 13) 4722 | -8/Garrison | Triggered checkpoint 4798 | -8/Garrison | Triggered checkpoint 4928 | -8/Garrison | Phase Generator disabled 4928 | -8/Garrison | Spotted B-75 Beast 4965 | -8/Garrison | Destroyed B-75 Beast 5221 | -8/Garrison | Attempted to access garrison exit controls, blocked by remote lockdown 5277 | -8/Garrison | Build established: Scavenger-Tank 5370 | -8/Garrison | Entered Materials 5370 | -8/Materials | Accompanied by 2 allies 5514 | -8/Materials | Discovered new exit (range 16) 6177 | -8/Materials | Discovered new exit (range 12) 6569 | -8/Materials | Repaired Enh. Autogun 6630 | -8/Materials | Repaired Enh. Autogun 6692 | -8/Materials | Repaired Enh. Autogun 6713 | -8/Materials | Build established: Scavenger-Skirmisher 6805 | -8/Materials | Repaired Cld. Ion Engine 6872 | -8/Materials | Identified exit to Garrison 6926 | -8/Materials | Entered Garrison 6926 | -8/Garrison | Accompanied by 3 allies 6942 | -8/Garrison | Triggered checkpoint 7086 | -8/Garrison | Triggered checkpoint 7161 | -8/Garrison | Discovered new exit (range 3) 7270 | -8/Garrison | Triggered checkpoint 7302 | -8/Garrison | Triggered checkpoint 7315 | -8/Garrison | Destroyed 8 combat bots 7375 | -8/Garrison | Discovered new exit (range 17) 7446 | -8/Garrison | Triggered checkpoint 7650 | -8/Garrison | Discovered new exit (range 12) 7711 | -8/Garrison | Rescued a captive Derelict 7728 | -8/Garrison | Triggered checkpoint 8058 | -8/Garrison | Discovered new exit (range 11) 8166 | -8/Garrison | Build established: Scavenger-Mutant 8251 | -8/Garrison | Entered Materials 8251 | -8/Materials | Accompanied by 1 ally 8651 | -8/Materials | First assault squad dispatched 8861 | -8/Materials | Build established: Scavenger-Skirmisher 9117 | -8/Materials | Repaired Imp. Medium Treads 9195 | -8/Materials | Discovered new exit (range 8) 10056 | -8/Materials | Garrison activated, responded to threat 10132 | -8/Materials | Identified exit to Garrison 10204 | -8/Materials | Entered Garrison 10204 | -8/Garrison | Accompanied by 2 allies 10320 | -8/Garrison | Core integrity fell below 50% 10488 | -8/Garrison | Triggered checkpoint 10522 | -8/Garrison | Triggered checkpoint 10542 | -8/Garrison | Discovered new exit (range 6) 10563 | -8/Garrison | Build established: Scavenger-Gunner 10816 | -8/Garrison | Triggered checkpoint 10908 | -8/Garrison | Triggered checkpoint 11261 | -8/Garrison | Discovered new exit (range 13) 11303 | -8/Garrison | Rescued a captive Derelict 11305 | -8/Garrison | Rescued a captive Derelict 11402 | -8/Garrison | Triggered checkpoint 11608 | -8/Garrison | Entered Materials 11608 | -8/Materials | Accompanied by 2 allies 11774 | -8/Materials | Garrison activated, responded to threat 11832 | -8/Materials | Identified exit to Garrison 11882 | -8/Materials | Entered Garrison 11882 | -8/Garrison | Accompanied by 2 allies 11922 | -8/Garrison | Build established: Scavenger-Tank 12012 | -8/Garrison | Triggered checkpoint 12014 | -8/Garrison | Triggered checkpoint 12160 | -8/Garrison | Discovered new exit (range 10) 12288 | -8/Garrison | Learned Factory security intel 12382 | -8/Garrison | Build established: Tank 12578 | -8/Garrison | Triggered checkpoint 12698 | -8/Garrison | Discovered new exit (range 14) 12898 | -8/Garrison | Triggered checkpoint 13155 | -8/Garrison | Discovered new exit (range 13) 13175 | -8/Garrison | Entered Factory 13175 | -7/Factory | Evolved 2 slots: Propulsion x1, Utility x1 13206 | -7/Factory | Build established: Scavenger-Tank 13291 | -7/Factory | Garrison activated, responded to threat 13421 | -7/Factory | Sucked down chute 13421 | -7/Factory | Entered Waste 13436 | -7/Waste | EMP discharged 13436 | -7/Waste | System corruption reached 10% 13450 | -7/Waste | Spotted C-40 Crusher 13467 | -7/Waste | Destroyed C-40 Crusher 13495 | -7/Waste | Spotted C-40 Crusher 13497 | -7/Waste | Spotted C-40 Crusher 13506 | -7/Waste | Spotted C-40 Crusher 13506 | -7/Waste | Spotted C-40 Crusher 13511 | -7/Waste | Spotted C-40 Crusher 13518 | -7/Waste | Crushed by Compactor (1 part destroyed) 13521 | -7/Waste | Destroyed C-40 Crusher 13536 | -7/Waste | EMP discharged 13542 | -7/Waste | Crushed by Compactor (1 part destroyed, 2 dropped) 13545 | -7/Waste | Crushed by Compactor (1 part destroyed, 1 dropped) 13548 | -7/Waste | Crushed by Compactor (1 part destroyed, 1 dropped) 13554 | -7/Waste | Crushed by Compactor (1 part destroyed, 1 dropped) 13557 | -7/Waste | Crushed by Compactor (0 parts destroyed, 1 dropped) 13582 | -7/Waste | Discovered new exit (range 10) 13585 | -7/Waste | Lost 8 parts (1p1n1u5w) 13591 | -7/Waste | Entered Factory 13591 | -7/Factory | Discovered new exit (range 12) 14087 | -7/Factory | Build established: Scavenger-Mutant 14107 | -7/Factory | Fabricated Hyp. Gauss Cannon (x2) 14741 | -7/Factory | Discovered new exit (range 5) 14745 | -7/Factory | Identified exit to Factory 15102 | -7/Factory | Discovered new exit (range 11) 15104 | -7/Factory | Core integrity fell below 50% 15220 | -7/Factory | Fabricated S-10 Pest (x4) 15253 | -7/Factory | Build established: Scavenger-Gunner 15316 | -7/Factory | Identified exit to Lower Caves 15321 | -7/Factory | Entered Lower Caves 15321 | -7/Lower Caves | Accompanied by 3 allies 15328 | -7/Lower Caves | Met a Warlord Commander 15329 | -7/Lower Caves | Learned location of Warlord (-5) 15333 | -7/Lower Caves | Found Encrypted Comm Array 15478 | -7/Lower Caves | Learned Factory security intel 15513 | -7/Lower Caves | Learned Factory non-interactive machine intel 15675 | -7/Lower Caves | Discovered new exit (range 9) 15814 | -7/Lower Caves | Entered another Lower Caves area 15814 | -7/Lower Caves | Accompanied by 3 allies 16024 | -7/Lower Caves | Learned location of Extension (-4) 16142 | -7/Lower Caves | Discovered new exit (range 7) 16157 | -7/Lower Caves | Entered Zion 16157 | -7/Zion | Accompanied by 3 allies 16231 | -7/Zion | System corruption cleaned by Quarantine Array 16266 | -7/Zion | Found Prototype Energy Gun 16266 | -7/Zion | Identified Storm Laser 16300 | -7/Zion | Discovered new exit (range 16) 16425 | -7/Zion | Learned location of 1 exit from Factory 16474 | -7/Zion | Found Prototype Device 16474 | -7/Zion | Identified Phasing AFG 16547 | -7/Zion | Gained Derelict followers 16577 | -7/Zion | Build established: Gunner 16778 | -7/Zion | Found Prototype Launcher 16778 | -7/Zion | Identified Rocket Array 16930 | -7/Zion | Given A8's code to call for help 16970 | -7/Zion | Learned Factory emergency access door positions 17503 | -7/Zion | Entered Proximity Caves 17503 | -6/Proximity Caves | Accompanied by 6 allies 17607 | -6/Proximity Caves | Attracted the attention of an 0b10 checkpoint 17788 | -6/Proximity Caves | Lost 4 parts (1p2n1u) 18308 | -6/Proximity Caves | Build established: Scavenger-Gunner 18539 | -6/Proximity Caves | Discovered exit to Factory (range 15) 18827 | -6/Proximity Caves | Found Prototype Launcher 18827 | -6/Proximity Caves | Identified Mni. Smartbomb Launcher 18832 | -6/Proximity Caves | Found Mni. Smartbomb Launcher 18854 | -6/Proximity Caves | Found Prototype Launcher 18854 | -6/Proximity Caves | Identified Tesla Bomb Launcher 18858 | -6/Proximity Caves | Found Tesla Bomb Launcher 18862 | -6/Proximity Caves | Found Tesla Bomb Launcher 19226 | -6/Proximity Caves | Entered Factory 19226 | -6/Factory | Evolved 2 slots: Propulsion x1, Utility x1 19227 | -6/Factory | Identified exit to Lower Caves 19228 | -6/Factory | Identified exit to Factory 19231 | -6/Factory | Loaded intel: 252 non-interactive machine locations 19268 | -6/Factory | Joined by Warlord Ranger squad 19487 | -6/Factory | Lost 6 parts (1p4n1u) 19692 | -6/Factory | Build established: Mutant 19970 | -6/Factory | Garrison activated, responded to threat 20052 | -6/Factory | Identified exit to Garrison 20052 | -6/Factory | Entered Garrison 20102 | -6/Garrison | Triggered checkpoint 20573 | -6/Garrison | Spotted B-75 Beast 20580 | -6/Garrison | Triggered checkpoint 20600 | -6/Garrison | Destroyed B-75 Beast 20625 | -6/Garrison | Build established: Scavenger-Gunner 20748 | -6/Garrison | Triggered checkpoint 20906 | -6/Garrison | Triggered checkpoint 20920 | -6/Garrison | Found embedded Infiltrators 21031 | -6/Garrison | Discovered new exit (range 12) 21138 | -6/Garrison | Triggered checkpoint 21154 | -6/Garrison | Triggered checkpoint 21239 | -6/Garrison | Core integrity fell below 50% 21310 | -6/Garrison | Triggered checkpoint 21347 | -6/Garrison | Discovered new exit (range 11) 21418 | -6/Garrison | Triggered checkpoint 21556 | -6/Garrison | Attempted to access garrison exit controls, blocked by remote lockdown 21733 | -6/Garrison | Rescued a captive Derelict 21736 | -6/Garrison | Rescued a captive Derelict 21740 | -6/Garrison | Discovered new exit (range 12) 21872 | -6/Garrison | Attempted to access garrison exit controls, blocked by remote lockdown 22111 | -6/Garrison | Entered Factory 22111 | -6/Factory | Accompanied by 5 allies 22314 | -6/Factory | Discovered exit to Factory (range 9) 22569 | -6/Factory | Repaired Imp. Heavy Treads 22658 | -6/Factory | Found Prototype Processor 22658 | -6/Factory | Identified Exp. Targeting Computer 22672 | -6/Factory | Found Exp. Targeting Computer 22681 | -6/Factory | Found Exp. Targeting Computer 22791 | -6/Factory | Joined by Warlord Infantry squad 22811 | -6/Factory | First assault squad dispatched 23061 | -6/Factory | Build established: Scavenger-Mutant 23246 | -6/Factory | Destroyed 8 combat bots 23810 | -6/Factory | Build established: Scavenger-Gunner 23908 | -6/Factory | Entered Lower Caves 24050 | -6/Lower Caves | Spotted B-75 Beast 24091 | -6/Lower Caves | Destroyed B-75 Beast 24440 | -6/Lower Caves | Discovered new exit (range 8) 24450 | -6/Lower Caves | Identified exit to Lower Caves 24453 | -6/Lower Caves | Entered another Lower Caves area 24459 | -6/Lower Caves | Learned Factory stockpile data 25132 | -6/Lower Caves | Encountered a Warlord checkpoint 25144 | -6/Lower Caves | Learned 4 Factory zone layouts 25200 | -6/Lower Caves | Spotted B-75 Beast 25241 | -6/Lower Caves | Discovered new exit (range 12) 25262 | -6/Lower Caves | Identified exit to Data Miner 25263 | -6/Lower Caves | Entered Data Miner 25264 | -6/Data Miner | Discovered new exit (range 6) 25295 | -6/Data Miner | Met Data Miner 25327 | -6/Data Miner | Learned location of Section 7 (-3) 25327 | -6/Data Miner | Acquired the access code to Warlord's prototype stash 25356 | -6/Data Miner | Received God Mode back door access code from Data Miner 25415 | -6/Data Miner | Identified exit to Proximity Caves 25416 | -6/Data Miner | Entered Proximity Caves 25579 | -5/Proximity Caves | Spotted B-75 Beast 25581 | -5/Proximity Caves | Escorted by Enhanced Grunt 25601 | -5/Proximity Caves | Allies destroyed B-75 Beast 25839 | -5/Proximity Caves | Attracted the attention of an 0b10 checkpoint 25900 | -5/Proximity Caves | Build established: Mutant 25960 | -5/Proximity Caves | Learned Factory terminal intel 26052 | -5/Proximity Caves | Discovered exit to Factory (range 10) 26218 | -5/Proximity Caves | Received a Behemoth hack from an annoying Tinkerer 26320 | -5/Proximity Caves | Learned Factory terminal intel 26337 | -5/Proximity Caves | Entered Factory 26337 | -5/Factory | Accompanied by 1 ally 26337 | -5/Factory | Evolved 2 slots: Utility x2 26340 | -5/Factory | Loaded intel: 26 terminal locations 26570 | -5/Factory | Joined by Warlord Pyro squad 26681 | -5/Factory | Fabricated G-50 Soldier? 26697 | -5/Factory | Discovered new exit (range 3) 26701 | -5/Factory | Identified exit to Upper Caves 27054 | -5/Factory | Build established: Skirmisher 27402 | -5/Factory | Incoming investigation squad redirected 27453 | -5/Factory | Entered Upper Caves 27454 | -5/Upper Caves | Encountered a Warlord checkpoint 27781 | -5/Upper Caves | Build established: Scavenger-Skirmisher 27922 | -5/Upper Caves | Spotted B-75 Beast 27935 | -5/Upper Caves | Found Alien Artifact 27935 | -5/Upper Caves | Identified Core Expander 27935 | -5/Upper Caves | Installed Core Expander, added new Utility slot 28102 | -5/Upper Caves | Attracted the attention of an 0b10 checkpoint 28120 | -5/Upper Caves | Learned Factory security intel 28184 | -5/Upper Caves | Discovered new exit (range 5) 28188 | -5/Upper Caves | Identified exit to Upper Caves 28192 | -5/Upper Caves | Entered another Upper Caves area 28720 | -5/Upper Caves | Discovered new exit (range 20) 28745 | -5/Upper Caves | Identified exit to Warlord 28747 | -5/Upper Caves | Entered Warlord 28763 | -5/Warlord | Build established: Scavenger-Gunner 28824 | -5/Warlord | System corruption cleaned by Quarantine Array 28969 | -5/Warlord | Found Prototype Device 28969 | -5/Warlord | Identified Minesniffer Drone Bay 29150 | -5/Warlord | Build established: Scavenger-Mutant 29402 | -5/Warlord | Met Warlord 29427 | -5/Warlord | Warlord's base attacked by MAIN.C 29428 | -5/Warlord | Opened Warlord's prototype stash 29438 | -5/Warlord | Found Prototype Device 29438 | -5/Warlord | Identified Exp. Phase Shifter 29446 | -5/Warlord | Found Prototype Processor 29446 | -5/Warlord | Identified Exp. Target Analyzer 29450 | -5/Warlord | Found Prototype Device 29450 | -5/Warlord | Identified Thermal Barrier 29459 | -5/Warlord | Found Prototype Reactor 29649 | -5/Warlord | Found Prototype Energy Cannon 29649 | -5/Warlord | Identified Vortex Cannon 29652 | -5/Warlord | Found Vortex Cannon 29660 | -5/Warlord | Met EX-DEC 29664 | -5/Warlord | Found Prototype Energy Cannon 29764 | -5/Warlord | Spotted Executioner 29765 | -5/Warlord | Spotted Striker 29769 | -5/Warlord | Spotted Executioner 29777 | -5/Warlord | Warlord forces counterattacked 29777 | -5/Warlord | Destroyed Executioner 29804 | -5/Warlord | Destroyed 13 combat bots 29997 | -5/Warlord | Destroyed 8 combat bots 30050 | -5/Warlord | Spotted Striker 30054 | -5/Warlord | Build established: Mutant 30086 | -5/Warlord | Spotted Executioner 30102 | -5/Warlord | Warlord base infiltrated, sounded retreat 30130 | -5/Warlord | Destroyed 10 combat bots 30144 | -5/Warlord | Spotted Striker 30147 | -5/Warlord | Spotted Striker 30188 | -5/Warlord | Discovered new exit (range 20) 30220 | -5/Warlord | Identified exit to Proximity Caves 30224 | -5/Warlord | Entered Proximity Caves 30232 | -4/Proximity Caves | Attracted the attention of an 0b10 outpost 30788 | -4/Proximity Caves | Build established: Skirmisher 30872 | -4/Proximity Caves | Discovered new exit (range 17) 30923 | -4/Proximity Caves | Identified exit to Factory 30925 | -4/Proximity Caves | Entered Factory 30925 | -4/Factory | Accompanied by 1 ally 30925 | -4/Factory | Evolved 2 slots: Power x1, Propulsion x1 30925 | -4/Factory | Identified Vortex Chain Reactor 30927 | -4/Factory | Loaded intel: 28 terminal locations 31486 | -4/Factory | Incoming investigation squad redirected 31538 | -4/Factory | Lost 4 parts (1n2u1w) 31704 | -4/Factory | Identified exit to Garrison 31704 | -4/Factory | Entered Garrison 31820 | -4/Garrison | Triggered checkpoint 32110 | -4/Garrison | Triggered checkpoint 32119 | -4/Garrison | Build established: Scavenger-Gunner 32252 | -4/Garrison | Triggered checkpoint 32326 | -4/Garrison | Triggered checkpoint 32329 | -4/Garrison | Discovered new exit (range 14) 32348 | -4/Garrison | Identified exit to Factory 32349 | -4/Garrison | Entered Factory 32515 | -4/Factory | Build established: Gunner 32546 | -4/Factory | Incoming investigation squad redirected 32574 | -4/Factory | Fabricated Huge Storage Unit? 32654 | -4/Factory | Garrison activated, responded to threat 32812 | -4/Factory | Identified exit to Garrison 32812 | -4/Factory | Entered Garrison 32828 | -4/Garrison | Triggered checkpoint 32928 | -4/Garrison | Triggered checkpoint 32933 | -4/Garrison | Garrison Relay disabled 33015 | -4/Garrison | Destroyed 10 combat bots 33262 | -4/Garrison | Triggered checkpoint 33321 | -4/Garrison | Discovered new exit (range 12) 33334 | -4/Garrison | Identified exit to Factory 33360 | -4/Garrison | Attempted to access garrison exit controls, blocked by remote lockdown 33424 | -4/Garrison | Triggered checkpoint 33469 | -4/Garrison | Discovered exit to Factory (range 12) 33515 | -4/Garrison | Attempted to access garrison exit controls, blocked by remote lockdown 33532 | -4/Garrison | Triggered checkpoint 33573 | -4/Garrison | Discovered exit to Factory (range 5) 33578 | -4/Garrison | Entered Factory 34133 | -4/Factory | Discovered new exit (range 15) 34151 | -4/Factory | Identified exit to Extension 34153 | -4/Factory | Entered Extension 34217 | -4/Extension | Rescued A7 34236 | -4/Extension | Rescued a captive Derelict 34383 | -4/Extension | Incoming investigation squad redirected 34785 | -4/Extension | Spotted B-86 Titan 34804 | -4/Extension | Destroyed B-86 Titan 34810 | -4/Extension | Spotted B-86 Titan 34829 | -4/Extension | Destroyed B-86 Titan 34900 | -4/Extension | Build established: Commander-Gunner 34903 | -4/Extension | First assault squad dispatched 34939 | -4/Extension | Rescued a captive Derelict 34978 | -4/Extension | Rescued a captive Derelict 35014 | -4/Extension | Rescued a captive Derelict 35014 | -4/Extension | Rescued a captive Derelict 35054 | -4/Extension | Incoming assault squad redirected 35056 | -4/Extension | Allies destroyed A7 35064 | -4/Extension | Extracted ID and sensor layout for unrecognized location from A7's data core 35177 | -4/Extension | Rescued a captive Derelict 35177 | -4/Extension | Rescued a captive Derelict 35346 | -4/Extension | Rescued a captive Derelict 35376 | -4/Extension | Discovered new exit (range 10) 35377 | -4/Extension | Discovered new exit (range 6) 35385 | -4/Extension | Identified exit to Research 35392 | -4/Extension | Identified exit to Cetus 35403 | -4/Extension | Entered Cetus 35403 | -4/Cetus | Accompanied by 14 allies 35414 | -4/Cetus | Spotted Cetus Guard 35415 | -4/Cetus | Spotted Cetus Guard 35416 | -4/Cetus | Spotted Cetus Guard 35421 | -4/Cetus | Spotted Cetus Guard 35424 | -4/Cetus | Destroyed Cetus Guard 35425 | -4/Cetus | Allies destroyed Cetus Guard 35435 | -4/Cetus | Destroyed Cetus Guard 35437 | -4/Cetus | Allies destroyed Cetus Guard 35506 | -4/Cetus | Enhanced Grunt warped into view, answering call for help 35513 | -4/Cetus | P-70 Sage assimilated allied 40-7B7(g) 35515 | -4/Cetus | Discovered new exit (range 22) 35517 | -4/Cetus | Enhanced Grunt warped into view, answering call for help 35546 | -4/Cetus | Identified exit to Archives 35561 | -4/Cetus | Entered Archives 35561 | -4/Archives | Accompanied by 12 allies 35589 | -4/Archives | Discovered new exit (range 22) 35638 | -4/Archives | Discovered exit to Research (range 20) 35687 | -4/Archives | Discovered new exit (range 13) 35700 | -4/Archives | Identified exit to Hub_04(d) 35952 | -4/Archives | Build established: Scavenger-Gunner 36172 | -4/Archives | Entered Hub_04(d) 36172 | -4/Hub_04(d) | Accompanied by 8 allies 36174 | -4/Hub_04(d) | Discovered exit to Research (range 21) 36496 | -4/Hub_04(d) | Found Mni. Smartbomb Launcher 36569 | -4/Hub_04(d) | Found Prototype Device 36569 | -4/Hub_04(d) | Identified Exp. Thermal Shield 36769 | -4/Hub_04(d) | Incoming investigation squad redirected 36775 | -4/Hub_04(d) | Network Hub disabled 36987 | -4/Hub_04(d) | Spotted Lightning 36987 | -4/Hub_04(d) | Spotted Lightning 36987 | -4/Hub_04(d) | Spotted Lightning 37015 | -4/Hub_04(d) | Destroyed Lightning 37017 | -4/Hub_04(d) | System corruption reached 10% 37026 | -4/Hub_04(d) | Destroyed Lightning 37036 | -4/Hub_04(d) | Garrison activated, responded to threat 37056 | -4/Hub_04(d) | Destroyed Lightning 37078 | -4/Hub_04(d) | Found Prototype Device 37078 | -4/Hub_04(d) | Identified Exp. EM Disruption Field 37114 | -4/Hub_04(d) | Spotted Lightning 37114 | -4/Hub_04(d) | Spotted Lightning 37116 | -4/Hub_04(d) | Found Exp. Targeting Computer 37118 | -4/Hub_04(d) | Spotted Lightning 37121 | -4/Hub_04(d) | Found Prototype Energy Cannon 37121 | -4/Hub_04(d) | Identified EMDS 37152 | -4/Hub_04(d) | Destroyed Lightning 37176 | -4/Hub_04(d) | Destroyed Lightning 37187 | -4/Hub_04(d) | Destroyed Lightning 37290 | -4/Hub_04(d) | Found Exp. Targeting Computer 37294 | -4/Hub_04(d) | Found Exp. Targeting Computer 37295 | -4/Hub_04(d) | Lost 3 parts (1u2w) 37317 | -4/Hub_04(d) | Found Exp. Targeting Computer 37520 | -4/Hub_04(d) | Network Hub disabled 37625 | -4/Hub_04(d) | Network Hub disabled 37705 | -4/Hub_04(d) | Garrison activated, responded to threat 37723 | -4/Hub_04(d) | Core integrity fell below 50% 37784 | -4/Hub_04(d) | Found Prototype Device 37784 | -4/Hub_04(d) | Identified Exp. Phase Shifter 37792 | -4/Hub_04(d) | Found Exp. EM Disruption Field 37890 | -4/Hub_04(d) | Discovered exit to Research (range 14) 37890 | -4/Hub_04(d) | Discovered exit to Research (range 21) 37954 | -4/Hub_04(d) | Spotted Lightning 37954 | -4/Hub_04(d) | Spotted Lightning 37954 | -4/Hub_04(d) | Spotted Lightning 37956 | -4/Hub_04(d) | Destroyed Lightning 37959 | -4/Hub_04(d) | Destroyed Lightning 37969 | -4/Hub_04(d) | Destroyed Lightning 37981 | -4/Hub_04(d) | Found EMDS 38003 | -4/Hub_04(d) | Found EMDS 38008 | -4/Hub_04(d) | Found Exp. EM Disruption Field 38009 | -4/Hub_04(d) | Found Exp. Phase Shifter 38046 | -4/Hub_04(d) | Network Hub disabled 38096 | -4/Hub_04(d) | Identified exit to Garrison 38096 | -4/Hub_04(d) | Entered Garrison 38096 | -4/Garrison | Spotted B-90 Cyclops 38117 | -4/Garrison | Rewired B-75 Beast 38123 | -4/Garrison | Befriended a Behemoth using the annoying Tinkerer's hack 38247 | -4/Garrison | Build established: Scavenger-Mutant 38293 | -4/Garrison | Triggered checkpoint 38393 | -4/Garrison | Spotted B-86 Titan 38414 | -4/Garrison | Triggered checkpoint 38416 | -4/Garrison | Triggered checkpoint 38514 | -4/Garrison | Triggered checkpoint 38515 | -4/Garrison | Befriended a Behemoth using the annoying Tinkerer's hack 38612 | -4/Garrison | Discovered exit to Research (range 10) 38721 | -4/Garrison | Installed Relay Interface Framework 38735 | -4/Garrison | Triggered checkpoint 38776 | -4/Garrison | Garrison Relay disabled 38975 | -4/Garrison | Discovered exit to Research (range 13) 39030 | -4/Garrison | Triggered checkpoint 39062 | -4/Garrison | Build established: Scavenger-Gunner 39142 | -4/Garrison | Entered Research 39142 | -3/Research | Accompanied by 4 allies 39142 | -3/Research | Evolved 2 slots: Utility x2 39203 | -3/Research | Repaired Quantum Reactor? 39277 | -3/Research | Identified exit to Armory 39277 | -3/Research | Identified exit to Quarantine 39392 | -3/Research | First assault squad dispatched 39411 | -3/Research | Incoming assault squad redirected 39459 | -3/Research | Entered Quarantine 39536 | -3/Quarantine | Repaired Broken Adv. KE Penetrator 39686 | -3/Quarantine | Repaired Broken Adv. KE Penetrator 39748 | -3/Quarantine | Repaired Enh. Biometal Leg 39873 | -3/Quarantine | Discovered new exit (range 17) 39905 | -3/Quarantine | Cryocooling Duct disabled 39920 | -3/Quarantine | Ambient heat levels rising (+20) 39920 | -3/Quarantine | Non-combat units ordered to evacuate 40004 | -3/Quarantine | First assault squad dispatched 40027 | -3/Quarantine | Garrison activated, responded to threat 40314 | -3/Quarantine | Build established: Scavenger-Skirmisher 40507 | -3/Quarantine | Found Alien Artifact 40807 | -3/Quarantine | Destroyed 7 combat bots 40826 | -3/Quarantine | Found Alien Artifact 40826 | -3/Quarantine | Identified Core Reset Matrix 40826 | -3/Quarantine | Identified Subatomic Replicator 40826 | -3/Quarantine | Used Core Reset Matrix 40830 | -3/Quarantine | Detected hypermatrix surge 40830 | -3/Quarantine | Sensed 3 artifacts in vicinity 40833 | -3/Quarantine | Discovered new exit (range 6) 40844 | -3/Quarantine | Identified exit to Research 40879 | -3/Quarantine | Cryocooling Duct disabled 40894 | -3/Quarantine | Ambient heat levels rising (+20) 40894 | -3/Quarantine | Combat units ordered to evacuate 40994 | -3/Quarantine | Quarantine Guard activated 41038 | -3/Quarantine | Spotted Quarantine Guard 41067 | -3/Quarantine | Found Terrabomb 41095 | -3/Quarantine | Spotted Quarantine Guard 41095 | -3/Quarantine | Spotted Quarantine Guard 41114 | -3/Quarantine | Destroyed Quarantine Guard 41138 | -3/Quarantine | Spotted Quarantine Guard 41201 | -3/Quarantine | Spotted Quarantine Guard 41269 | -3/Quarantine | Destroyed Quarantine Guard 41302 | -3/Quarantine | Spotted Quarantine Guard 41305 | -3/Quarantine | Destroyed Quarantine Guard 41346 | -3/Quarantine | Spotted Quarantine Guard 41347 | -3/Quarantine | Destroyed Quarantine Guard 41351 | -3/Quarantine | Spotted Quarantine Guard 41373 | -3/Quarantine | Destroyed Quarantine Guard 41387 | -3/Quarantine | Destroyed Quarantine Guard 41567 | -3/Quarantine | Spotted Quarantine Guard 41589 | -3/Quarantine | Destroyed Quarantine Guard 41596 | -3/Quarantine | Destroyed Quarantine Guard 41610 | -3/Quarantine | Destroyed Quarantine Guard 41785 | -3/Quarantine | Spotted Fortress 41860 | -3/Quarantine | Lost 3 parts (1p1u1w) 41875 | -3/Quarantine | Discovered new exit (range 5) 41875 | -3/Quarantine | Spotted Quarantine Guard 41885 | -3/Quarantine | Destroyed Quarantine Guard 41895 | -3/Quarantine | Identified exit to Section 7 41917 | -3/Quarantine | Entered Section 7 41918 | -3/Section 7 | Sensed 21 artifacts in vicinity 41922 | -3/Section 7 | Spotted S7 Guard 41995 | -3/Section 7 | Spotted S7 Guard 42006 | -3/Section 7 | Destroyed S7 Guard 42086 | -3/Section 7 | Found Integrated Thermoelectric Network 42086 | -3/Section 7 | Installed Integrated Thermoelectric Network, gained heat-energy exchange potential 42384 | -3/Section 7 | Repaired Myomer Leg 42417 | -3/Section 7 | First assault squad dispatched 42479 | -3/Section 7 | Destroyed 8 combat bots 42549 | -3/Section 7 | Incoming investigation squad redirected 42604 | -3/Section 7 | Discovered exit to Research (range 19) 42614 | -3/Section 7 | Destroyed 7 combat bots 42685 | -3/Section 7 | Destroyed 7 combat bots 42893 | -3/Section 7 | Spotted Executioner 42910 | -3/Section 7 | Spotted Executioner 42919 | -3/Section 7 | Destroyed Executioner 42943 | -3/Section 7 | Found Prototype Device 42943 | -3/Section 7 | Identified Exp. Focal Shield 42981 | -3/Section 7 | Destroyed Executioner 43007 | -3/Section 7 | Found Corrupted Prototype Processor 43011 | -3/Section 7 | System corruption reached 10% 43183 | -3/Section 7 | Incoming assault squad redirected 43206 | -3/Section 7 | Found Sigix Sheargun 43210 | -3/Section 7 | Found Sigix Sheargun 43213 | -3/Section 7 | Found Sigix Sheargun 43387 | -3/Section 7 | Found Corrupted Exp. Targeting Computer 43422 | -3/Section 7 | Identified Exp. Core Analyzer 43519 | -3/Section 7 | Build established: Scavenger-Gunner 43646 | -3/Section 7 | System corruption reached 30% 43710 | -3/Section 7 | Destroyed 8 combat bots 43719 | -3/Section 7 | Entered Research 43719 | -2/Research | Warlord forces began assault on 0b10 43719 | -2/Research | Evolved 2 slots: Propulsion x1, Weapon x1 43829 | -2/Research | Research machine network offline 43875 | -2/Research | Spotted B-90 Cyclops 44060 | -2/Research | Borebot progress halted 44090 | -2/Research | Found Prototype Device 44090 | -2/Research | Identified Adv. Kinecellerator 44137 | -2/Research | Spotted Executioner 44138 | -2/Research | Destroyed Executioner 44141 | -2/Research | Spotted Executioner 44146 | -2/Research | Destroyed Executioner 44176 | -2/Research | Destroyed 7 combat bots 44222 | -2/Research | Discovered new exit (range 17) 44244 | -2/Research | Identified exit to Access 44267 | -2/Research | Discovered new exit (range 5) 44271 | -2/Research | Identified exit to Testing 44277 | -2/Research | Borebot progress halted 44287 | -2/Research | Entered Testing 44301 | -2/Testing | Protovariant out of control (PH-I3YDYHPB8R) 44460 | -2/Testing | Spotted Investigator 44500 | -2/Testing | Found Prototype Hackware 44537 | -2/Testing | First assault squad dispatched 44603 | -2/Testing | Identified System Mapper 44615 | -2/Testing | Spotted Striker 44630 | -2/Testing | Destroyed Striker 44634 | -2/Testing | Incoming investigation squad redirected 44651 | -2/Testing | Lost 3 parts (1u2w) 44688 | -2/Testing | Destroyed 17 combat bots 44736 | -2/Testing | Found Prototype Hackware 44811 | -2/Testing | Incoming assault squad redirected 44889 | -2/Testing | Destroyed 7 combat bots 44927 | -2/Testing | Spotted Alpha 7 44982 | -2/Testing | Core integrity fell below 50% 45014 | -2/Testing | Destroyed Alpha 7 45040 | -2/Testing | Lost 20 parts (2p7n5u6w) 45040 | -2/Testing | Spotted 9A-WFD(K) 45040 | -2/Testing | Spotted RC-FOH(K) 45040 | -2/Testing | Spotted GM-56S(K) 45044 | -2/Testing | Rewired 9A-WFD(K) 45045 | -2/Testing | Rewired RC-FOH(K) 45051 | -2/Testing | Allies destroyed GM-56S(K) 45081 | -2/Testing | Scanned by Researcher 45090 | -2/Testing | Incoming assault squad redirected 45093 | -2/Testing | Core integrity fell below 20% 45101 | -2/Testing | Found Prototype Processor 45101 | -2/Testing | Identified Exp. Melee Analysis Suite 45105 | -2/Testing | Destroyed by H-88 Terminator with KE Penetrator Last Messages --------------- 45098_ G-73 Enforcer destroyed. 45098_ K-01 Serf collects debris. 45099_ Acquired Myomer Leg. 45099_ Slug penetrates Wall. 45099_ Biometal Leg destroyed. 45101_ M-36 Artificer repairs G-73 Enforcer. 45101_ Acquired Prototype Processor. 45101_ Identified Exp. Melee Analysis Suite. 45101_ K-01 Serf collects debris. 45102_ Penetrated by Slug. 45102_ Acquired 71 matter. 45103_ Acquired 4 matter. 45103_ M-36 Artificer repairs G-73 Enforcer. 45104_ Slammed into G-73 Enforcer. 45104_ K-01 Serf collects debris. 45105_ Slammed into G-73 Enforcer. 45105_ Exp. Targeting Computer broken. 45105_ Destabilizing: Short circuit. 45105_ Myomer Leg destroyed. 45105_ Penetrated by Slug. Map ----- +----------------------------------------------------+ | ???? #????????????????????????????????????????? | | #### #????????????????????????????????????????? | | #????????????????????????????????????????? | | #????????????????????????????????????????? | | #????????????????????????????????????????? | | #????????????????????????????????????????? | | ### #####????????????????????????????????????????? | | ??? #????????????????????????????????????????????? | | ??? #????????????????????????????????????????????? | | ###!##########???????????????????????????????????? | | = *="%" " "?????????????????????????? | | ##![ # #######???????????????????????????????????? | | ##* # #?????????????????????????????????????????? | | ?#% # #???????????#?????????????????????????????? | | ?#"### #???###????? ?????????????????????????????? | | ?# #?# #???# ###### ?????????????????????????????? | | ##"### #???# ## " ?????????????????????????????? | | # #???# ## # ##???????????????????????????? | | # #####"## !##"##??????????????????????????? | | / =%%%%#??????????????????????????? | | # ##"##!##*%!!######?????????????????????? | | # % #####/##!!!%%# !#?????????????????????? | | + %%+ !%%[/!!]!## *g#?????????????????????? | | ######+####[ !"[#!|!]##|=g#?????????????????????? | | ???? ?#= ""!#%!!]## mg#?????????????????????? | | ??# # "%=# %! ##h@!#?????????????????????? | | ??# #= [%=[ ! ##=!g#?????????????????????? | | ??# = # " # ##==[#?????????????????????? | | ??# * #=|""" + ##[%*##????????????????????? | | ??#########=%""" # ##k[%[#????????????????????? | | ?????????##%! # /%[%*]#????????????????????? | | ?????????##* """ # /%[%%[#????????????????????? | | ??????????# """ # ##T=###????????????????????? | | ??????????# """ # #####??????????????????????? | | ??????????# # #??????????????????????????? | | ??????????######## #??????????????????????????? | | ?????????????????# #??????????????????????????? | | ?????????????????# #??????????????????????????? | | ?????????????????# #??????????????????????????? | | ?????????????????# #??????????????????????????? | | ?????????????????# #??????????????????????????? | | ?????????????????# #??????????????????????????? | | ?????????????????# +??????????????????????????? | | ?????????????????# #??????????????????????????? | | ?????????????????# #??????????????????????????? | | ?????????????????# #??????????????????????????? | | ?????????????????# #??????????????????????????? | | ?????????????????# #??????????????????????????? | | ?????????????????# #??????????????????????????? | | ?????????????????# ??????????????????????????? | +----------------------------------------------------+ Best States ------------- Heat Dissipation 113 Energy Generation 55 Energy Capacity 700 Matter Stores 300 Matter Capacity 300 Sight Range 23 Robot Scan Range 16 Terrain Scan Density 10 Jamming Range 16 Additional Mass Support 16 Corruption Containment 12 Armor Coverage 450 Resistance: KI 30 Resistance: TH 30 Resistance: EM 75 Weapon Shielding 66 Weapon Cycling 25 Phase Shifting 20 Evasion (%) 75 Targeting Accuracy 24 Target Analysis 10 Core Analysis 6 Armor Integrity Analysis 40 Recoil Reduction 5 Particle Charging 25 Kinecelleration 50 Offensive Hacking 32 Defensive Hacking 14 Authchip Count 1 Trap Extractor Capacity 4 Item Schematics ----------------- Exp. Heat Sink | -2/Testing | Archive Robot Schematics ------------------ None Fabricated ------------ Hyp. Gauss Cannon | x2 | -7/Factory | Preloaded S-10 Pest | x4 | -7/Factory G-50 Soldier | x3 | -5/Factory | Preloaded Huge Storage Unit | x1 | -4/Factory Alien Tech Used ----------------- Core Expander Core Reset Matrix Integrated Thermoelectric Network Sigix Sheargun Achievements -------------- Woof! Challenges ------------ None Game ------ Seed GodThrowingReconfigurator Manual? 0 Play Time 06:18:34 Cumulative 347.1 hours Start 2022.08.03 @ 13:24:42 End 2022.08.04 @ 16:20:31 Sessions 3 Manual Loads 0 Difficulty Rogue Special Mode None Game No. 121 Rogue 106 Adventurer 15 Explorer 0 Win Type - Total 17 Types 6/0/6/1/2/0/2/0/0 Lore% 92 Gallery% 92 Achievement% 82 Wizard Run 0 Options --------- ASCII 0 Keyboard 0 Movement Numpad Keybinds 0 Fullscreen 1 Font 18/SmallcapsGlow Map View 76x50 Tactical HUD 1 Map Filters NONE Filters NONE Steam 1 RUN: 1834f9c1-4231-4a9d-a5d8-919b925fde1a